 Dungeon Crawl Stone Soup version 0.31.0-11-ge490571c62 (webtiles) character file.

Game seed: 17039200549938823956

119770 shadowrider38 the Unseen (level 15, -20/75 HPs)
             Began as a Spriggan Enchanter on Feb 1, 2024.
             Was a Priest of Elyvilon.
             Demolished by a death cob (26 damage)
             ... on level 5 of the Realm of Zot on Feb 2, 2024.
             The game lasted 05:29:15 (49836 turns).

shadowrider38 the Unseen (Spriggan Enchanter)      Turns: 49836, Time: 05:29:15

Health: -20/75     AC:  4    Str:  4    XL:     15   Next: 7%
Magic:  10/37      EV: 25    Int: 26    God:    Elyvilon [***...]
Gold:   487        SH:  6    Dex: 20    Spells: 1/30 levels left

rFire   + . .        a - +1 dagger (elec)
rCold   + . .        W - +0 buckler
rNeg    . . .        L - +2 robe {rF+}
rPois   +            (helmet restricted)
rElec   +            O - scarf {shadows}
rCorr   +            (gloves unavailable)
SInv    +            (boots unavailable)
Will    +....        A - amulet "Edytiqeb" {+Inv rElec rPois Regen+}
Stlth   +++          p - +6 ring of intelligence
HPRegen 1.12/turn    C - ring "Iczutapt" {rC+ rCorr MP+9}
MPRegen 0.25/turn

%: no passive effects
@: brilliant, about to teleport, weak-willed, marked, hasted, very quick
A: very small, no large weapons, unfitting armour, see invisible, speed 3
0: Orb of Zot
}: 3/15 runes: serpentine, barnacled, abyssal
a: Renounce Religion, Evoke Invisibility, Purification, Heal Other, Heal Self


You were on level 5 of the Realm of Zot.
You worshipped Elyvilon.
Elyvilon was most pleased with you.
You visited 8 branches of the dungeon, and saw 40 of its levels.
You visited the Abyss 1 time.
You also visited: Gauntlet.

You collected 2019 gold pieces.
You spent 1504 gold pieces at shops.
You donated 28 gold pieces to Zin.

Inventory:

Hand Weapons
 a - a +1 dagger of electrocution (weapon)
 y - a +3 dagger of distortion
Missiles
 F - 12 curare-tipped darts
 J - 4 atropa-tipped darts
 Z - 2 throwing nets
Armour
 f - +0 acid dragon scales
 q - the +0 robe of the Swamp {^Drain rC+++ Int+2 SInv}
   (You found it on level 3 of the Dungeon)

   Int+2:     It affects your intelligence (+2).
   rC+++:     It renders you almost immune to cold.
   SInv:      It lets you see invisible.
   ^Drain:    It drains your maximum health when unequipped.
 r - a +1 robe of cold resistance
 L - a +2 robe of fire resistance (worn)
 O - a scarf of shadows (worn)
 W - a +0 buckler (worn)
Jewellery
 e - the ring "Lies Exe" {Fly rF+ Will- SInv}
   (You took it off a minotaur in a Gauntlet)

   [ring of flight]

   rF+:       It protects you from fire.
   Will-:     It decreases your willpower.
   SInv:      It lets you see invisible.
   Fly:       It grants you flight.
 h - a +6 ring of dexterity
 k - the ring of Itaerip {Fly Str+2 Dex+5}
   (You found it on level 6 of the Dungeon)

   [ring of flight]

   Str+2:     It affects your strength (+2).
   Dex+5:     It affects your dexterity (+5).
   Fly:       It grants you flight.
 l - an amulet of guardian spirit
 p - a +6 ring of intelligence (left hand)
 s - a +5 ring of evasion
 u - an amulet of magic regeneration
 v - the ring "Lascho Osava" {Fire rPois Will++ Dex+3}
   (You acquired it on level 3 of the Lair of Beasts)

   [ring of fire]

   Fire:      It enhances your fire magic.
   Dex+3:     It affects your dexterity (+3).
   rF+:       It protects you from fire.
   rC-:       It makes you vulnerable to cold.
   rPois:     It protects you from poison Will++: It greatly increases your
   willpower.
 A - the amulet "Edytiqeb" (around neck) {+Inv rElec rPois Regen+}
   (You found it on level 2 of the Dungeon)

   [amulet of regeneration]

   rElec:     It insulates you from electricity.
   rPois:     It protects you from poison +Inv: It lets you turn invisible.
   Regen+:    It increases your rate of health regeneration.
 C - the ring "Iczutapt" (right hand) {rC+ rCorr MP+9}
   (You found it on level 4 of the Shoals)

   [ring of resist corrosion]

   rC+:       It protects you from cold.
   MP+9:      It affects your magic capacity (+9).
   rCorr:     It protects you from acid and corrosion.
Wands
 D - a wand of digging (4)
 I - a wand of iceblast (5)
 P - a wand of paralysis (18)
 V - a wand of flame (49)
Scrolls
 d - 2 scrolls of enchant weapon
 i - 2 scrolls of noise
 n - 3 scrolls of amnesia
 o - 3 scrolls of fog
 w - a scroll of fear
 E - a scroll of silence {!r}
 M - 2 scrolls of enchant armour
 R - a scroll of identify
 T - 13 scrolls of teleportation
Potions
 c - a potion of magic
 g - 2 potions of attraction
 t - 2 potions of mutation
 x - a potion of brilliance
 z - 4 potions of enlightenment
 G - 2 potions of might
 H - a potion of haste
 Q - 5 potions of curing
 S - a potion of lignification
Miscellaneous
 m - a lightning rod (4/4)
 K - a phantom mirror
 U - a phial of floods
 X - a box of beasts


   Skills:
 + Level 7.3 Fighting
 - Level 5.0 Short Blades
 + Level 11.4 Dodging
 + Level 18.6 Stealth
 - Level 5.0 Shields
 - Level 8.0 Spellcasting
 - Level 7.2 Hexes
 - Level 15.0 Translocations
 - Level 2.0 Ice Magic
 - Level 6.0 Earth Magic
 - Level 6.2 Alchemy
 - Level 10.0 Invocations
 - Level 8.0 Evocations


You had one spell level left.
You knew the following spells:

 Your Spells              Type           Power      Damage    Failure   Level
a - Ensorcelled Hibernat  Hex/Ice        100%       N/A       2%          2
b - Dispersal             Tloc           46%        N/A       3%          6
c - Passwall              Erth           58%        N/A       2%          3
d - Cause Fear            Hex            32%        N/A       4%          4
e - Blink                 Tloc           100%       N/A       1%          2
g - Apportation           Tloc           100%       N/A       1%          1
p - Petrify               Alch/Erth      58%        N/A       9%          4
x - Confusing Touch       Hex            64%        N/A       1%          3
z - Passage of Golubria   Tloc           93%        N/A       1%          4

Your spell library contained the following spells:

 Spells                   Type           Power      Damage    Failure   Level
 Slow                     Hex            100%       N/A       1%          1
 Sting                    Conj/Alch      100%       1d9       2%          1
 Kiss of Death            Conj/Necr      60%        2d10      10%         1
 Magic Dart               Conj           60%        1d6       10%         1
 Necrotise                Necr           60%        1d7       10%         1
 Summon Small Mammal      Summ           60%        N/A       10%         1
 Gell's Gravitas          Tloc           93%        N/A       1%          3
 Sigil of Binding         Hex            64%        N/A       1%          3
 Teleport Other           Tloc           93%        N/A       1%          3
 Tukima's Dance           Hex            64%        N/A       1%          3
 Mercury Vapours          Alch/Air       78%        N/A       4%          2
 Dazzling Flash           Conj/Hex       86%        N/A       7%          3
 Call Imp                 Summ           30%        N/A       16%         2
 Static Discharge         Conj/Air       30%        3-5/arc   16%         2
 Sublimation of Blood     Necr           15%        N/A       16%         2
 Yara's Violent Unravell  Hex/Alch       30%        3d13      19%         5
 Anguish                  Hex/Necr       21%        N/A       22%         4
 Ignite Poison            Fire/Alch      39%        N/A       28%         4
 Vampiric Draining        Necr           15%        2d7       30%         3
 Airstrike                Air            7%         2d(2-18)  69%         4
 Martyr's Knell           Necr/Summ      15%        N/A       69%         4
 Summon Lightning Spire   Summ/Air       15%        N/A       69%         4
 Curse of Agony           Necr           15%        N/A       95%         5
 Enfeeble                 Hex            32%        N/A       99%         7
 Summon Hydra             Summ           7%         N/A       100%        7
 Fire Storm               Conj/Fire      7%         8d2       100%        9


Dungeon Overview and Level Annotations

Branches:
Dungeon (15/15)            Temple (1/1) D:6            Lair (5/5) D:9
 Shoals (4/4) Lair:2        Snake (4/4) Lair:2        Slime (0/5) Lair:4
    Orc (2/2) D:11            Elf (0/3) Orc:2        Vaults (0/5) D:13
 Depths (4/4) D:15            Zot (5/5) Depths:4    Gauntlet (visited)

Altars:
Ashenzari
Cheibriados
Dithmenos
Elyvilon
Fedhas
Gozag
Hepliaklqana
Kikubaaqudgha
Makhleb
Nemelex Xobeh
Okawaru
Qazlal
Ru
Sif Muna
Trog
Uskayaw
Vehumet
Wu Jian
Xom
Yredelemnul
Zin
The Shining One
Jiyva

Shops:
D:7 *   Orc:2 ?[(*   Shoals:2 *   Depths:1 :==   Depths:4 *

Portals:
Pandemonium: Depths:4
Ziggurat: Depths:3
Trove: D:12 (show abyssal rune of Zot)

Annotations:
D:1 exclusion: hobgoblin
D:3 exclusions: 2 adders, giant cockroach, kobold, orc priest and 2 rats
D:4 Eustachio, Natasha
D:5 exclusions: adder, ball python, dart slug, 2 downstairs, hound, iguana, 3 jackals, orc and upstairs
D:6 exclusions: adder, 2 bullfrogs, centaur, downstairs and 2 hounds
D:7 exclusions: downstairs, hound, jelly, kobold, kobold brigand, orc, orc priest and orc warrior
D:8 exclusion: 3 centaurs
D:9 exclusions: bullfrog, 2 centaurs, cyclops, 4 doors, hornet and 2 wyverns
D:10 exclusions: 4 doors, gargoyle, gnoll and kobold
D:11 exclusions: acid dragon, 2 centaurs, downstairs, ogre and 2 wyverns
D:12 exclusions: acid dragon, deep elf pyromancer, 3 doors, ugly thing and wraith
D:13 1 runed translucent door, exclusions: komodo dragon, manticore, troll and 2 unseen horrors, Derpydoo's ghost, journeyman MiFi; Erolcha
D:14 exclusions: centaur warrior, cyclops, downstairs and ugly thing
D:15 1 runed translucent door, exclusions: 2 centaur warriors, death knight, freezing wraith, manticore, phantasmal warrior, player ghost, 3 ugly things and upstairs, Waecyras's ghost, adept KoGl
Lair:1 exclusions: 2 doors, 2 komodo dragons, rime drake and 2 wolves, Prince Ribbit
Lair:2 exclusions: black mamba, cane toad, downstairs, komodo dragon, rime drake and 2 yaks
Lair:3 exclusions: black mamba, 3 blink frogs, hell rat, komodo dragon, water moccasin and yak
Lair:4 exclusions: bullfrog, cane toad, elephant, polar bear and 3 water moccasins
Shoals:1 exclusions: manticore and sea snake
Shoals:2 exclusions: 2 harpies, 2 manticores, merfolk, merfolk siren, satyr, 3 skysharks, snapping turtle and water elemental
Shoals:4 exclusions: 3 doors, harpy, merfolk and merfolk siren
Snake:1 exclusions: 2 black mambas, naga warrior and shock serpent, Mlioglotl
Snake:2 exclusions: 2 black mambas, downstairs and 3 nagas
Snake:3 exclusions: black mamba and nagaraja, Ovesh's ghost, journeyman OpSh
Snake:4 exclusions: black mamba, naga, naga warrior and salamander
Orc:2 exclusion: ogre, Maurice; Rupert
Depths:1 exclusions: ettin, spriggan berserker and walking frostbound tome
Depths:2 1 transporter, exclusions: door, 2 flayed ghosts, 2 glowing orange brains, occultist, spriggan berserker, spriggan rider and tengu reaver
Depths:3 exclusions: iron dragon and tentacled monstrosity
Zot:1 exclusions: 2 moths of wrath and orb of fire
Zot:3 exclusions: black draconian, death cob, red draconian and tentacled monstrosity
Zot:5 2 exclusions


Innate Abilities, Weirdness & Mutations

You are very small and have problems with some larger weapons.
You are too small for most types of armour.
You have supernaturally acute eyesight. (SInv)
You cover ground extremely quickly. (Speed+++)


Message History

Aiming: Ensorcelled Hibernation (safe; 2% risk of failure)
Press: ? - help, Q - select action, (/) - cycle Shift-Dir - straight line, f - Orb Guardian
Aim: an Orb Guardian (black smoke, chance to affect: 3%)
Okay, then.
Okay, then.
Press: ? - help, v - describe, . - travel
Here: an Orb Guardian A net trap.
Press: ? - help, v - describe, . - travel
Here: a butterfly (black smoke, summoned, friendly)
The floor.
Unknown command.
The Orb Guardian misses your butterfly. The death cob hits your butterfly!!
Your butterfly dies!
Your butterfly disappears in a burst of colours!
The Orb Guardian completely misses you.
The Orb Guardian barely misses your butterfly.
An Orb Guardian comes into view.
You block the Orb Guardian's attack.
Press: ? - help, v - describe, . - travel
Here: a death cob (black smoke)
The floor.
Casting: Ensorcelled Hibernation (safe; 2% risk of failure)
Confirm with . or Enter, or press ? or * to list all spells.
Okay, then.
Casting: Ensorcelled Hibernation (safe; 2% risk of failure)
Confirm with . or Enter, or press ? or * to list all spells.
Okay, then.
Casting: Dispersal (dangerous; 3% risk of failure)
Press: ? - help, Q - select action, (/) - cycle Dir - look around, f - activate Look: an Orb Guardian (chance to teleport: 10%)
Okay, then.
Okay, then.
Casting: Dispersal (dangerous; 3% risk of failure)
Confirm with . or Enter, or press ? or * to list all spells.
Okay, then.
Unknown command.
Okay, then.
As you read the scroll of vulnerability, it crumbles to dust.
A wave of despondency washes over your surroundings.
The Orb Guardian hits your butterfly.
Your butterfly dies!
Your butterfly disappears in a burst of colours!
The Orb Guardian barely misses your butterfly.
The Orb Guardian completely misses your butterfly.
The Orb Guardian hits you!!!
Ouch! That really hurt!
* * * LOW HITPOINT WARNING * * *
The death cob hits you!!
You die...

,,,,,,,,,^^,,*** ***,,,
****▓▓▓▓▓***** **** ,,,,.§...▓▓▓▓
*** ,,,,...bb.bb▓## ***,,
,,,,...b.bbb§.## **,^,,
...)..p*b§bbbb.# *▓▓▓▓▓*** *,,,,,
..*...*bb§b§bb.▓*▓..^.^,,***,,,,,
^....9.^Lb*§§X§▓▓X§...X,,,**,,,,^
..^.....§9§*b§§▓@zX..^.,,,,*^,,,,
.......b§§y*bbbbXXX.X..,,,,,,,,,,
............bbb▓X§bX...,,,,*,^,,,
..........b.bb§▓▓§X.?..,,,**,,,,,
^.....y..b.bbb.▓*▓§....,,***,,,,,
..........b.b..▓ *▓▓▓▓▓*** *,,,,,
..........bbbb▓▓ **,,,,
............▓▓▓ ***,,
...y.....▓▓▓* ***


You could see a death cob (weak-willed) and 10 Orb Guardians.

Vanquished Creatures
  A golden dragon (Zot:5)
  A tentacled starspawn (Abyss:3)
  A nagaraja (Snake:1)
  A fire giant (Depths:1)
  A frost giant (Depths:1)
  An ironbound preserver (D:12)
  A draconian stormcaller (Depths:4)
  4 stone giants
  A vampire knight (Depths:2)
  A green draconian (Zot:3)
  A minotaur (Gauntlet)
  A yellow draconian (Depths:4)
  A black draconian (Depths:4)
  A slime creature (D:12)
  A merfolk impaler (Shoals:1)
  A vault guard (D:12)
  2 ice dragons
  5 centaur warriors
  2 salamander tyrants
  3 anacondas
  A satyr (Shoals:3)
  4 two-headed ogres
  2 deep troll earth magi (Depths:1)
  A deep troll shaman (Depths:1)
  A naga warrior (Snake:3)
  4 shock serpents
  4 naga sharpshooters
  Urug (Lair:4)
  A thrashing horror (Gauntlet)
  An occultist (D:14)
  Amaemon (D:9)
  A skyshark (Lair:4)
  3 salamander mystics
  A mana viper (Snake:4)
  A sea snake (Shoals:2)
  A glowing orange brain (D:15)
  2 naga ritualists (Snake:4)
  3 fauns (Shoals:3)
  An ugly thing (D:15)
  3 manticores
  A salamander (shapeshifter) (D:13)
  A moth of wrath (Zot:4)
  2 cyclopes
  3 salamanders
  2 guardian serpents
  2 merfolk sirens
  A naga mage (Snake:1)
  A water nymph (Shoals:4)
  A black mamba (Snake:4)
  An orange demon (D:9)
  A yaktaur (D:15)
  Psyche (D:9)
  2 tengu conjurers
  A wind drake (Shoals:4)
  3 merfolk (Shoals:4)
  A hornet (Lair:2)
  A snapping turtle (Shoals:4)
  4 shadows (Gauntlet)
  A chaos spawn (Gauntlet)
  9 nagas (Snake:4)
  An acid dragon (D:6)
  An ice beast (D:5)
  Duvessa (D:6)
  An ogre (D:5)
  A centaur (D:9)
  A kobold brigand (D:7)
  Dowan (D:6)
  An orc wizard (D:5)
  2 orcs (D:8)
  A jackal (D:5)
  A kobold (D:3)
119 creatures vanquished.

Vanquished Creatures (collateral kills)
  A two-headed ogre (D:8)
  2 mana vipers
  A kobold (D:7)
4 creatures vanquished.

Vanquished Creatures (others)
  A nagaraja (Snake:4)
  A two-headed ogre (D:11)
  A naga ritualist (Snake:4)
  4 naga magi (Snake:4)
  3 black mambas (Snake:4)
  A tengu conjurer (D:13)
  A merfolk (Shoals:4)
  A raiju (Abyss:2)
  A wraith (D:11)
  4 nagas (Snake:4)
  An acid dragon (D:12)
  A dancing weapon (D:8)
  A howler monkey (D:13)
  An orc priest (Orc:2)
  2 orc wizards (Orc:2)
  A butterfly (D:3)
  A lurking horror (Abyss:3)
  12 tentacles (Shoals:1)
38 creatures vanquished.

Grand Total: 161 creatures vanquished

Notes
Turn   | Place    | Note
-------+----------+-------------------------------------------
     0 | D:1      | shadowrider38 the Spriggan Enchanter began the quest for
                  | the Orb.
     0 | D:1      | Reached XP level 1. HP: 9/9 MP: 5/5
   173 | D:2      | Found a sacrificial altar of Ru.
   345 | D:4      | Noticed a hound
   429 | D:5      | Entered Level 5 of the Dungeon
   637 | D:5      | Noticed an ogre
   653 | D:5      | shadowrider38: @?ogre
   653 | D:5      | beem: ogre (O)
                  | Spd: 10 (atk: 150%)
                  | HD: 5
                  | HP: 23-32
                  | | AC/EV: 1/6
                  | Dam: 20
                  | items, doors
                  | Res: will(20)
                  | | Corpse
                  | XP:
   119 | Sz: Large | Int: human.
   663 | D:5      | Killed an ogre
   664 | D:5      | Reached skill level 6 in Stealth
   664 | D:5      | Reached skill level 7 in Stealth
   664 | D:5      | Reached XP level 2. HP: 14/14 MP: 6/6
   664 | D:5      | Reached XP level 3. HP: 17/17 MP: 8/8
   664 | D:5      | Reached XP level 4. HP: 21/21 MP: 9/9
   669 | D:5      | Learned a level 2 spell: Ensorcelled Hibernation
   673 | D:5      | Learned a level 3 spell: Tukima's Dance
   728 | D:6      | Found a staircase to the Ecumenical Temple.
   740 | Temple   | Entered the Ecumenical Temple
   759 | D:6      | Noticed Duvessa
   765 | D:6      | Noticed Dowan
   775 | D:6      | HP: 1/21 [Duvessa/+0 short sword (10)]
  1282 | D:5      | shadowrider38: @?orc wizard
  1282 | D:5      | beem: orc wizard (o)
                  | Spd:
    10 | HD: 3    | HP: 13-18
                  | AC/EV:
                  | 3/12
                  | Dam: 2
                  | weapons, items, doors, spellcaster
                  | Res:
                  | will(20)
                  | Corpse
                  | XP: 35
                  | Sp: magic dart (3d4), throw
                  | flame (3d5), confuse, invisibility
                  | Sz: Medium
                  | Int:
                  | human.
  1496 | D:5      | Noticed an ice beast
  1663 | D:5      | Killed an ice beast
  1664 | D:5      | Reached skill level 9 in Stealth
  1664 | D:5      | Reached XP level 5. HP: 25/25 MP: 10/10
  2130 | D:6      | Found a large runed translucent door.
  2130 | D:6      | Found a large runed translucent door.
  2130 | D:6      | Noticed an acid dragon
  2130 | D:6      | Noticed a manticore
  2772 | D:6      | Killed Duvessa
  2773 | D:6      | Reached skill level 10 in Stealth
  2773 | D:6      | Reached XP level 6. HP: 30/30 MP: 8/11
  2822 | D:6      | Killed Dowan
  2823 | D:6      | Reached skill level 3 in Dodging
  2854 | D:6      | shadowrider38: @?dowan
  2854 | D:6      | beem: Dowan (e)
                  | Spd:
    10 | HD: 3    | HP: 20-28
                  | AC/EV: 2/13
                  | | Dam: 5
                  | weapons, items, doors, spellcaster
                  | Res:
                  | will(20)
                  | Corpse
                  | XP: 68
                  | Sp: throw flame (3d5), throw
                  | frost (3d5), blink, corona, haste other
                  | Sz: Medium
                  | Int:
                  | human.
  2854 | D:6      | shadowrider38: @?duvessa
  2854 | D:6      | beem: Duvessa (e)
                  | Spd:
    10 | HD: 4    | HP: 30-42
                  | AC/EV:
                  | 6/8
                  | Dam: 10
                  | weapons, items, doors, fighter
                  | Res:
                  | will(40)
                  | Corpse
                  | XP:
   145 | Sz: Medium | Int: human.
  2867 | D:7      | Noticed an ice beast
  2868 | D:7      | shadowrider38: @?ice beast
  2868 | D:7      | beem: ice beast (Y)
                  | Spd:
    10 | HD: 5    | HP: 23-32
                  | AC/EV:
                  | 5/10
                  | Dam: 5(cold:5-14)
                  | amphibious
                  | Res: will(20),
                  | cold+++, poison, drown
                  | Vul: fire
                  | XP:
   130 | Sz: Large | | Int: animal.
  2931 | D:6      | shadowrider38: @?bullfrog
  2931 | D:6      | beem: bullfrog (F)
                  | Spd: 15 (swim: 60%)
                  | HD:
     4 | HP:      | 19-26
                  | AC/EV: 0/12
                  | Dam: 9
                  | amphibious, cold-blooded
                  | | Res: will(20), drown
                  | Corpse
                  | XP:
    90 | Sz: Medium | Int:
                  | animal.
  3095 | D:7      | shadowrider38: @?hound
  3095 | D:7      | beem: hound (h)
                  | Spd:
    15 | HD: 3    | HP: 14-19
                  | AC/EV: 2/13
                  | | Dam: 6
                  | see invisible
                  | Res: will(10), blind
                  | Corpse
                  | | XP:
    42 | Sz: small | Int: animal.
  3135 | D:7      | shadowrider38: @?kobold brigan
  3135 | D:7      | beem: unknown monster: "kobold brigan"
  3135 | D:7      | shadowrider38: @?kobold brigan
  3135 | D:7      | beem: unknown monster: "kobold brigan"
  3135 | D:7      | shadowrider38: @?kobold brigand
  3135 | D:7      | beem: kobold brigand (K)
                  | Spd:
    10 | HD: 5    | HP: 23-32
                  | | AC/EV: 3/12
                  | Dam: 7
                  | weapons, items, doors
                  | Res:
                  | will(20)
                  | Corpse
                  | XP:
    97 | Sz: Medium | Int: human.
  3145 | D:8      | shadowrider38: @?gnoll sergeant
  3145 | D:8      | beem: gnoll sergeant (g)
                  | Spd:
    10 | HD: 4    | HP: 22-30
                  | | AC/EV: 7/7
                  | Dam: 11
                  | weapons, items, doors, fighter
                  | | Res: will(20)
                  | Corpse
                  | XP:
    86 | Sz: Medium | Int: human.
  3145 | D:8      | shadowrider38: @?gnoll
  3145 | D:8      | beem: gnoll (g)
                  | Spd:
    10 | HD: 2    | HP: 11-15
                  | AC/EV: 2/9
                  | | Dam: 6
                  | weapons, items, doors
                  | Res: will(10)
                  | Corpse
                  | | XP:
    14 | Sz: Medium | Int: human.
  3325 | D:7      | Found Tojexih's Assorted Antiques.
  3334 | D:7      | Bought a ruby potion for 22 gold pieces
  3334 | D:7      | Bought a scroll labelled POFOAW TUGEUR for 25 gold pieces
  3491 | D:9      | shadowrider38: @?centaur
  3491 | D:9      | beem: centaur (c)
                  | Spd:
    15 | HD: 4    | HP: 19-26
                  | AC/EV:
                  | 3/7
                  | Dam: 7, 3
                  | weapons, items, doors, archer
                  | Res:
                  | will(20)
                  | Corpse
                  | XP:
   112 | Sz: Large | Int: human.
  3520 | D:9      | Noticed an orange demon
  3541 | D:9      | shadowrider38: @?orange dragon
  3541 | D:9      | beem: unknown monster: "orange dragon"
  3541 | D:9      | shadowrider38: @?orange demon
  3541 | D:9      | beem: orange demon (4)
                  | Spd:
    10 | HD: 8    | HP: 44-60
                  | | AC/EV: 3/7
                  | Dam: 15(reach), 8(weakness)
                  | demonic, doors,
                  | evil
                  | Res: will(60), miasma, neg+++, torm
                  | Vul: holy
                  | | XP:
   416 | Sz: Medium | Int: human.
  3586 | D:9      | Noticed Amaemon
  3587 | D:9      | shadowrider38: @?amaemon
  3587 | D:9      | beem: Amaemon (6)
                  | Spd:
    10 | HD: 7    | HP: 73-100
                  | AC/EV:
                  | 3/12
                  | Dam: 12, 12, 8(poison:14-28)
                  | natural, demonic,
                  | weapons, items, doors, evil, spellcaster
                  | Res: will(60),
                  | miasma, torm
                  | Vul: holy, silver
                  | Corpse
                  | XP:
   767 | Sp:      | concentrate venom, sum.scorpions
                  | Sz: Medium
                  | Int: human.
  3588 | D:9      | Paralysed by Amaemon for 2 turns
  3634 | D:9      | Paralysed by Amaemon for 3 turns
  3654 | D:9      | Killed an orange demon
  3655 | D:9      | Reached XP level 7. HP: 18/35 MP: 2/12
  3733 | D:9      | Paralysed by Amaemon for 3 turns
  3751 | D:9      | Killed Amaemon
  3752 | D:9      | Reached skill level 3 in Fighting
  3752 | D:9      | Reached skill level 12 in Stealth
  3752 | D:9      | Reached skill level 3 in Spellcasting
  3752 | D:9      | Reached XP level 8. HP: 18/40 MP: 6/14
  3863 | D:9      | Found a staircase to the Lair.
  4030 | D:8      | Noticed a two-headed ogre
  4050 | D:8      | shadowrider38: @?two-headed ogre
  4050 | D:8      | beem: two-headed ogre (O)
                  | Spd: 10 (atk: 150%)
                  | HD: 10
                  | | HP: 46-63
                  | AC/EV: 3/6
                  | Dam: 20, 15
                  | items, doors,
                  | two-weapon
                  | Res: will(40)
                  | Corpse
                  | XP:
   824 | Sz: Large | | Int: human.
  4097 | D:8      | Killed a two-headed ogre
  4308 | D:8      | Found a shimmering blue altar of Sif Muna.
  4309 | D:8      | Found a blossoming altar of Fedhas.
  4311 | D:8      | Found a radiant altar of Vehumet.
  5433 | Temple   | Became a worshipper of Zin the Law-Giver
  5433 | Temple   | Reached * piety under Zin
  5438 | Temple   | Learned a level 3 spell: Confusing Touch
  5612 | D:6      | shadowrider38: @?manticore
  5612 | D:6      | beem: manticore (H)
                  | Spd:
    10 | HD: 9    | HP: 42-57
                  | AC/EV:
                  | 5/7
                  | Dam: 26, 14, 14
                  | fly
                  | Res: will(40)
                  | Corpse
                  | XP:
                  | 530
                  | Sp: throw barbs (2d13) [!AM, !sil]
                  | Sz: Large
                  | Int:
                  | animal.
  5615 | D:6      | shadowrider38: @?acid dragon
  5615 | D:6      | beem: acid dragon (D)
                  | Spd:
    10 | HD: 5    | HP: 23-32
                  | | AC/EV: 5/10
                  | Dam: 15, 6
                  | fly
                  | Res: will(20), poison,
                  | acid
                  | Corpse
                  | XP: 155
                  | Sp: spit acid (3d14) [!AM, !sil,
                  | breath]
                  | Sz: Large
                  | Int: animal.
  5622 | D:6      | Reached XP level 9. HP: 44/44 MP: 8/17
  5624 | D:6      | Killed a manticore
  5928 | D:6      | Found a large runed translucent door.
  5928 | D:6      | Found a large runed translucent door.
  5949 | D:6      | Identified the ring of Itaerip {Fly Str+2 Dex+5}
  6326 | D:4      | Noticed Natasha
  6457 | D:3      | Reached ** piety under Zin
  6490 | D:3      | Identified the +0 robe of the Swamp {^Drain rC+++ Int+2
                  | SInv}
  6498 | D:3      | Found a white marble altar of Elyvilon.
  6503 | D:3      | Fell from the grace of Zin
  6503 | D:3      | Became a worshipper of Elyvilon the Healer
  6585 | D:3      | Found a broken altar of Ashenzari.
  6585 | D:3      | Found a shimmering blue altar of Sif Muna.
  6585 | D:3      | Found a snail-covered altar of Cheibriados.
  6585 | D:3      | Found a sacrificial altar of Ru.
  6585 | D:3      | Found a snail-covered altar of Cheibriados.
  6585 | D:3      | Found an ornate altar of the Wu Jian Council.
  6634 | D:3      | Reached * piety under Elyvilon
  6992 | D:4      | Noticed Eustachio
  6993 | D:4      | shadowrider38: @?eustachio
  6993 | D:4      | beem: Eustachio (@)
                  | Spd:
    10 | HD: 4    | HP: 31-45
                  | AC/EV:
                  | 3/13
                  | Dam: 6
                  | weapons, items, doors, evil, spellcaster
                  | | Res: will(20)
                  | Corpse
                  | XP: 198
                  | Sp: sum.small mammal,
                  | sum.minor demon, blink
                  | Sz: Medium
                  | Int: human.
  7553 | Lair:1   | Entered Level 1 of the Lair of Beasts
  7559 | Lair:1   | You are sucked into a shaft and drop 1 floor!
  7573 | Lair:2   | Found a gate leading to a gauntlet.
  7577 | Lair:2   | Noticed a manticore
  7586 | Lair:2   | Killed a manticore
  7587 | Lair:2   | Reached skill level 3 in Invocations
  7587 | Lair:2   | Found a staircase to the Shoals.
  7587 | Lair:2   | Noticed a wind drake
  7588 | Lair:2   | shadowrider38: @?wind drake
  7588 | Lair:2   | beem: wind drake (k)
                  | Spd:
    12 | HD: 8    | HP: 47-68
                  | AC/EV:
                  | 3/14
                  | Dam: 12
                  | fly
                  | Res: will(40)
                  | Corpse
                  | XP: 287
                  | | Sp: wind blast [!AM, !sil, breath], airstrike (2d(7-23))
                  | [!AM, !sil], repel missiles [!AM, !sil]
                  | Sz: Large
                  | Int:
                  | animal.
  7590 | Lair:2   | shadowrider38: @?hornet
  7590 | Lair:2   | beem: hornet (y)
                  | Spd:
    15 | HD: 6    | HP: 28-38
                  | AC/EV:
                  | 6/14
                  | Dam: 18(paralyse)
                  | fly
                  | Res: will(30)
                  | Vul:
                  | poison
                  | Corpse
                  | XP:
   282 | Sz: tiny | Int: animal.
  7650 | Gauntlet | Entered a Gauntlet
  7650 | Gauntlet | Found a transporter.
  7650 | Gauntlet | Found a runed translucent door.
  7651 | Gauntlet | Found a runed translucent door.
  7655 | Gauntlet | Found a transporter.
  7655 | Gauntlet | Noticed a fire crab
  7659 | Gauntlet | Found a transporter.
  7667 | Gauntlet | Found a transporter.
  7671 | Gauntlet | Found a transporter.
  7683 | Gauntlet | Found a transporter.
  7684 | Gauntlet | Found a transporter.
  7685 | Gauntlet | Noticed a thrashing horror
  7687 | Gauntlet | Noticed a thrashing horror
  7691 | Gauntlet | Found a transporter.
  7695 | Gauntlet | Found a transporter.
  7703 | Gauntlet | Found a transporter.
  7725 | Gauntlet | Found a transporter.
  7737 | Gauntlet | Found a transporter.
  7749 | Gauntlet | Found a transporter.
  7749 | Gauntlet | Noticed a large abomination
  7761 | Gauntlet | Found a transporter.
  7888 | Gauntlet | Killed a thrashing horror
  7918 | Gauntlet | Got the Vademecum on Injurious Minerals
  7931 | Gauntlet | Reached XP level 10. HP: 22/49 MP: 18/18
  7972 | Gauntlet | Identified the ring "Lies Exe" {Fly rF+ Will- SInv}
  7972 | Gauntlet | Noticed a minotaur
  7974 | Gauntlet | shadowrider38: @?minotaur
  7974 | Gauntlet | beem: minotaur (H)
                  | Spd:
    10 | HD: 14   | HP: 65-89
                  | AC/EV:
                  | 14/6 (headbutt: d20-1)
                  | Dam: 35, 20
                  | weapons, items,
                  | doors, fighter
                  | Res: will(100)
                  | Corpse
                  | XP:
   991 | Sz:      | Medium
                  | Int: human.
  7992 | Gauntlet | Killed a minotaur
  7993 | Gauntlet | Reached skill level 3 in Earth Magic
  8213 | Lair:2   | Learned a level 3 spell: Passwall
  8355 | Lair:2   | Reached ** piety under Elyvilon
  8450 | Lair:2   | Noticed a cane toad
  8451 | Lair:2   | shadowrider38: @?cane toad
  8451 | Lair:2   | beem: cane toad (F)
                  | Spd: 12 (swim: 60%)
                  | HD:
     7 | HP:      | 32-44
                  | AC/EV: 6/9
                  | Dam: 26(poison:14-28)
                  | amphibious,
                  | cold-blooded
                  | Res: will(20), poison, drown
                  | Corpse
                  | XP: |
   408 | Sz: Medium | Int: animal.
  8513 | Lair:2   | shadowrider38: @?rime drake
  8513 | Lair:2   | beem: rime drake (k)
                  | Spd:
    12 | HD: 6    | HP: 28-38
                  | AC/EV:
                  | 3/12
                  | Dam: 8
                  | fly
                  | Res: will(20), cold
                  | Corpse
                  | XP:
                  | 372
                  | Sp: flash freeze (3d13) [!AM, !sil, breath]
                  | Sz:
                  | Large
                  | Int: animal.
  8597 | Lair:2   | shadowrider38: @?death yak
  8597 | Lair:2   | beem: death yak (Y)
                  | Spd:
    10 | HD: 14   | HP: 65-88
                  | AC/EV:
                  | 9/5
                  | Dam: 30
                  | Res: will(100)
                  | Corpse
                  | XP:
   811 | Sz:      | Large
                  | Int: animal.
  8687 | Lair:2   | shadowrider38: @?komodo dragon
  8687 | Lair:2   | beem: komodo dragon (l)
                  | Spd: 10 (swim: 60%)
                  | HD:
     8 | HP:      | 37-51
                  | AC/EV: 7/8
                  | Dam: 34
                  | amphibious, cold-blooded
                  | | Res: will(40), drown
                  | Corpse
                  | XP:
   361 | Sz: Large | Int:
                  | animal.
  8711 | Lair:2   | Found a staircase to the Snake Pit.
  8727 | Lair:2   | shadowrider38: @?naga
  8727 | Lair:2   | beem: naga (N)
                  | Spd: 10 (move: 140%)
                  | HD: 5
                  | HP: 23-32
                  | | AC/EV: 6/10
                  | Dam: 22, 5(constrict)
                  | weapons, items,
                  | doors, see invisible
                  | Res: will(40), poison
                  | Corpse
                  | XP:
                  | 161
                  | Sp: spit poison (d10) [!AM, !sil, breath]
                  | Sz: Large
                  | | Int: human.
  8866 | Lair:3   | Reached *** piety under Elyvilon
  8985 | Lair:3   | Noticed an elephant
  8985 | Lair:3   | Noticed an elephant
  8985 | Lair:3   | Noticed an elephant
  8985 | Lair:3   | Noticed an elephant
  8985 | Lair:3   | Noticed an elephant
  8985 | Lair:3   | Noticed an elephant
  8986 | Lair:3   | shadowrider38: @?elephant
  8986 | Lair:3   | beem: elephant (Y)
                  | Spd:
    10 | HD: 9    | HP: 57-77
                  | AC/EV:
                  | 8/2
                  | Dam: 20(trample), 5
                  | Res: will(60)
                  | Corpse
                  | XP: |
   481 | Sz: Giant | Int: animal.
  9038 | Lair:3   | shadowrider38: @?blink frog
  9038 | Lair:3   | beem: blink frog (F)
                  | Spd: 14 (swim: 60%)
                  | HD:
     6 | HP:      | 28-38
                  | AC/EV: 0/16
                  | Dam: 20(blink self)
                  | amphibious,
                  | cold-blooded
                  | Res: will(40), drown
                  | Corpse
                  | XP: 264
                  | | Sp: blink [!sil]
                  | Sz: Medium
                  | Int: animal.
  9082 | Lair:3   | Identified a scroll of acquirement
  9084 | Lair:3   | Acquired the ring "Lascho Osava" {Fire rPois Will++ Dex+3}
  9102 | Lair:3   | Learned a level 4 spell: Passage of Golubria
  9193 | Lair:3   | Noticed a black mamba
  9194 | Lair:3   | shadowrider38: @?black mamba
  9194 | Lair:3   | beem: black mamba (S)
                  | Spd:
    18 | HD: 7    | HP: 32-44
                  | | AC/EV: 4/15
                  | Dam: 20(poison:14-28)
                  | cold-blooded
                  | Res:
                  | will(20), poison
                  | Corpse
                  | XP:
   457 | Sz: Medium | Int:
                  | animal.
  9242 | Lair:3   | Noticed a cane toad
  9266 | Lair:3   | Noticed a cane toad
  9284 | Lair:3   | Noticed a cane toad
  9290 | Lair:3   | Reached **** piety under Elyvilon
  9567 | Lair:4   | Found a staircase to the Slime Pits.
  9571 | Lair:4   | Found a viscous altar of Jiyva.
  9571 | Lair:4   | Noticed Urug
 10045 | Lair:3   | Reached skill level 3 in Translocations
 10104 | Lair:4   | Noticed a skyshark
 10204 | Lair:4   | Killed Urug
 10308 | Lair:4   | shadowrider38: @?urug
 10308 | Lair:4   | beem: Urug (o)
                  | Spd:
    10 | HD: 9    | HP: 57-77
                  | AC/EV: 9/11
                  | | Dam: 25
                  | weapons, items, doors, fighter
                  | Res: will(40)
                  | | Corpse
                  | XP:
   793 | Sz: Medium | Int: human.
 10339 | Lair:4   | Noticed an elephant
 10360 | Lair:4   | Noticed an elephant
 10361 | Lair:4   | Noticed an elephant
 10453 | Lair:4   | shadowrider38: @?skyshark
 10453 | Lair:4   | beem: skyshark (l)
                  | Spd: 10 (move: 70%)
                  | HD:
    10 | HP:      | 63-86
                  | AC/EV: 6/8
                  | Dam: 20(bloodzerk), 10, 10
                  | | cold-blooded, fly
                  | Res: will(40)
                  | Corpse
                  | XP:
   765 | Sz:      | Large
                  | Int: animal.
 10561 | Lair:4   | Noticed a cane toad
 10570 | Lair:4   | Killed a skyshark
 10873 | Lair:4   | Noticed an elephant
 10873 | Lair:4   | Noticed an elephant
 10967 | Lair:5   | Entered Level 5 of the Lair of Beasts
 10967 | Lair:5   | Noticed a catoblepas
 10968 | Lair:5   | shadowrider38: @?catoblepas
 10968 | Lair:5   | beem: catoblepas (Y)
                  | Spd:
    10 | HD: 14   | HP: 65-88
                  | | AC/EV: 10/2
                  | Dam: 36
                  | Res: will(100)
                  | Corpse
                  | XP: 844
                  | | Sp: petrifying cloud (2d6) [!AM, !sil]
                  | Sz: Large
                  | Int:
                  | animal.
 11011 | Lair:4   | shadowrider38: @?polar bear
 11011 | Lair:4   | beem: polar bear (h)
                  | Spd:
    10 | HD: 7    | HP: 38-52
                  | AC/EV:
                  | 7/8
                  | Dam: 20, 5, 5
                  | amphibious
                  | Res: will(20), cold,
                  | drown
                  | Corpse
                  | XP: 295
                  | Sp: berserker rage [!AM, !sil,
                  | emergency]
                  | Sz: Large
                  | Int: animal.
 11045 | Lair:4   | Noticed an elephant
 11072 | Lair:5   | Noticed an elephant
 11072 | Lair:5   | Noticed an elephant
 11072 | Lair:5   | Noticed an elephant
 11072 | Lair:5   | Noticed an elephant
 11072 | Lair:5   | Noticed a cane toad
 11072 | Lair:5   | Noticed a black mamba
 11072 | Lair:5   | Noticed a five-headed hydra
 11084 | Lair:4   | Noticed a six-headed hydra
 11151 | Lair:4   | shadowrider38: @?hydra
 11151 | Lair:4   | beem: hydra (D)
                  | Spd: 10 (swim: 60%)
                  | HD: 13
                  | HP: 59-82
                  | | AC/EV: 0/5
                  | Dam: 18 per head
                  | amphibious, cold-blooded,
                  | regen
                  | Res: will(60), poison, drown
                  | Corpse
                  | XP: 862
                  | | Sz: Giant
                  | Int: animal.
 11226 | Lair:4   | Noticed an elephant
 11228 | Lair:4   | Noticed an elephant
 11964 | D:9      | Found a sacrificial altar of Ru.
 11974 | D:9      | Reached ***** piety under Elyvilon
 12280 | D:9      | Noticed Psyche
 12281 | D:9      | shadowrider38: ??distortion
 12281 | D:9      | beem: distortion[1/7]: An evil weapon brand that inflicts a
                  | random option from "1-7 bonus damage" (35% chance), "3-26
                  | bonus damage" (25%), blink (20%), or banish (5%). Effects
                  | are the same for both monsters and the player. When you
                  | unwield, you suffer wild translocation effects - 50% chance
                  | of teleport near monsters, 25% banishment, 25% severe
                  | contam.
 12281 | D:9      | shadowrider38: ??banish
 12281 | D:9      | beem: banishment[1/5]: Sends the target to the {Abyss}.
                  | Yikes! Higher {HD} casters will send you deeper. Checks
                  | Will, unlike {distortion} melee.
 12281 | D:9      | shadowrider38: ??banish[2
 12281 | D:9      | beem: banishment[2/5]: It's also a Lugonu invocation with
                  | power 68 + 3*Invo. Works in the abyss as well as the
                  | overworld. You get full XP for banishing a monster.
 12281 | D:9      | shadowrider38: ??banish[3
 12281 | D:9      | beem: banishment[3/5]: An equivalent effect may happen if
                  | you get hit by a weapon of distortion.
 13080 | D:9      | Killed Psyche
 13082 | D:9      | shadowrider38: ??psyche
 13082 | D:9      | beem: psyche[1/3]: A purple unique magess that is generally
                  | unremarkable in both dungeon spawn location and ability,
                  | but can still be quite dangerous when she hastes herself
                  | and unloads a wand or chaos dagger on you. Or in the 25% of
                  | the time that her dagger is distortion.
 13082 | D:9      | shadowrider38: @?psyche
 13082 | D:9      | beem: Psyche (@)
                  | Spd:
    13 | HD: 5    | HP: 31-45
                  | AC/EV:
                  | 2/12
                  | Dam: 7
                  | weapons, items, doors, spellcaster
                  | Res:
                  | will(60)
                  | Corpse
                  | XP: 378
                  | Sp: cantrip, polymorph,
                  | c.chaos, invisibility
                  | Sz: Medium
                  | Int: human.
 13211 | D:9      | Noticed a cyclops
 13213 | D:9      | shadowrider38: @?cyclops
 13213 | D:9      | beem: cyclops (C)
                  | Spd:
     7 | HD: 9    | HP: 42-57
                  | AC/EV: 5/3
                  | | Dam: 35
                  | items, doors
                  | Res: will(40)
                  | Corpse
                  | XP: 531
                  | | Sz: Giant
                  | Int: human.
 15452 | D:2      | Identified the amulet "Edytiqeb" {+Inv rElec rPois Regen+}
 16348 | D:1      | Found a faded altar of an unknown god.
 17087 | D:10     | Entered Level 10 of the Dungeon
 17121 | D:10     | Identified the maw talisman of Dogmatism {+Blink rPois
                  | Will-}
 17140 | D:10     | Reached ****** piety under Elyvilon
 17378 | D:10     | Noticed a two-headed ogre
 17379 | D:10     | shadowrider38: @?twoheaded ogre
 17379 | D:10     | beem: unknown monster: "twoheaded ogre"
 17379 | D:10     | shadowrider38: @?two-headed ogre
 17379 | D:10     | beem: two-headed ogre (O)
                  | Spd: 10 (atk: 150%)
                  | HD: 10
                  | | HP: 46-63
                  | AC/EV: 3/6
                  | Dam: 20, 15
                  | items, doors,
                  | two-weapon
                  | Res: will(40)
                  | Corpse
                  | XP:
   824 | Sz: Large | | Int: human.
 17392 | D:10     | Noticed a gargoyle
 18198 | D:12     | Noticed a deep elf pyromancer
 18198 | D:12     | Noticed a purple ugly thing
 18199 | D:12     | shadowrider38: @?ugly thing
 18199 | D:12     | beem: purple ugly thing (u)
                  | Spd: 10 (move: 90%)
                  | HD: 12
                  | | HP: 55-76
                  | AC/EV: 4/10
                  | Dam: 22
                  | doors
                  | Res: will(40)
                  | | Vul: silver
                  | Corpse
                  | XP:
   556 | Sz: Medium | Int:
                  | animal.
 18199 | D:12     | shadowrider38: @?pyromancer
 18199 | D:12     | beem: unknown monster: "pyromancer"
 18199 | D:12     | shadowrider38: @?deep elf pyromancer
 18199 | D:12     | beem: deep elf pyromancer (e)
                  | Spd:
    10 | HD: 9    | HP: 34-47
                  | | AC/EV: 1/12
                  | Dam: 5
                  | weapons, items, doors, spellcaster
                  | | Res: will(40)
                  | Corpse
                  | XP: 601
                  | Sp: sticky flame range
                  | (3d5), b.fire (3d17), sum.fire elementals, blink
                  | Sz:
                  | Medium
                  | Int: human.
 18246 | D:11     | Found a staircase to the Orcish Mines.
 18561 | D:11     | Noticed a boulder beetle
 18562 | D:11     | shadowrider38: @?boulder beetle
 18562 | D:11     | beem: boulder beetle (B)
                  | Spd:
    10 | HD: 12   | HP: 64-88
                  | | AC/EV: 20/2
                  | Dam: 27
                  | Res: will(40)
                  | Vul: poison
                  | | Corpse
                  | XP: 828
                  | Sp: roll [!AM, !sil], blink away [!AM,
                  | !sil]
                  | Sz: Large
                  | Int: animal.
 18676 | D:11     | Noticed a two-headed ogre
 18681 | D:11     | Pacified a two-headed ogre
 18689 | D:11     | Killed a two-headed ogre
 18717 | D:11     | Pacified a boulder beetle
 18979 | Orc:1    | Entered Level 1 of the Orcish Mines
 18984 | Orc:1    | Noticed an orc knight
 18985 | Orc:1    | shadowrider38: @?orc knight
 18985 | Orc:1    | beem: orc knight (o)
                  | Spd:
    10 | HD: 9    | HP: 57-77
                  | AC/EV:
                  | 11/10
                  | Dam: 20
                  | weapons, items, doors, fighter
                  | Res:
                  | will(40)
                  | Corpse
                  | XP: 618
                  | Sp: battlecry [!AM]
                  | Sz:
                  | Medium
                  | Int: human.
 19012 | Orc:2    | Entered Level 2 of the Orcish Mines
 19020 | Orc:2    | Noticed an ettin
 19022 | Orc:2    | shadowrider38: @?ettin
 19022 | Orc:2    | beem: ettin (C)
                  | Spd:
    10 | HD: 12   | HP: 55-76
                  | AC/EV: 9/4
                  | | Dam: 40, 40
                  | items, doors, two-weapon
                  | Res: will(40)
                  | | Corpse
                  | XP:
   930 | Sz: Giant | Int: human.
 19038 | Orc:2    | Noticed an orc high priest
 19042 | Orc:2    | Noticed a smoke demon
 19043 | Orc:2    | Noticed an orange demon
 19269 | D:11     | shadowrider38: @?troll
 19269 | D:11     | beem: troll (T)
                  | Spd:
    10 | HD: 7    | HP: 32-44
                  | AC/EV: 3/10
                  | | Dam: 20, 15(claw), 15(claw)
                  | doors, regen
                  | Res:
                  | will(20)
                  | Corpse
                  | XP:
   304 | Sz: Large | Int: human.
 19435 | D:12     | shadowrider38: @?wraith
 19435 | D:12     | beem: wraith (W)
                  | Spd:
    10 | HD: 6    | HP: 28-38
                  | AC/EV:
                  | 10/10
                  | Dam: 15(drain speed)
                  | undead, doors, evil, see
                  | invisible, fly, unbreathing
                  | Res: will(60), cold,
                  | poison+++, drown, miasma, neg+++, torm, napalm
                  | Vul: holy
                  | | XP:
   209 | Sz: Medium | Int: human.
 19493 | D:12     | Noticed a vault guard
 19494 | D:12     | shadowrider38: @?vault guard
 19494 | D:12     | beem: vault guard (p)
                  | Spd:
    10 | HD: 13   | HP: 60-82
                  | | AC/EV: 10/10
                  | Dam: 20
                  | weapons, items, doors, fighter,
                  | see invisible
                  | Res: will(60)
                  | Corpse
                  | XP:
   869 | Sz:      | Medium
                  | Int: human.
 19496 | D:12     | Killed a vault guard
 19497 | D:12     | Reached XP level 11. HP: 52/52 MP: 19/19
 19500 | D:12     | Found a portal to a secret trove of treasure.
 19676 | D:12     | Acquired a There-And-Back Book
 20589 | D:12     | Learned a level 6 spell: Dispersal
 20825 | D:13     | Noticed a deep elf pyromancer
 20826 | D:13     | shadowrider38: @?deep elf pyromanceer
 20826 | D:13     | beem: unknown monster: "deep elf pyromanceer"
 20826 | D:13     | shadowrider38: @?deep elf pyromancer
 20826 | D:13     | beem: deep elf pyromancer (e)
                  | Spd:
    10 | HD: 9    | HP: 34-47
                  | | AC/EV: 1/12
                  | Dam: 5
                  | weapons, items, doors, spellcaster
                  | | Res: will(40)
                  | Corpse
                  | XP: 601
                  | Sp: sticky flame range
                  | (3d5), b.fire (3d17), sum.fire elementals, blink
                  | Sz:
                  | Medium
                  | Int: human.
 20872 | D:13     | Noticed a deep elf pyromancer
 20873 | D:13     | Pacified a deep elf pyromancer
 20873 | D:13     | Noticed a centaur warrior
 20874 | D:13     | Reached skill level 9 in Translocations
 20876 | D:13     | Noticed a centaur warrior
 20876 | D:13     | shadowrider38: @?centaur warrior
 20876 | D:13     | beem: centaur warrior (c)
                  | Spd:
    15 | HD: 10   | HP: 46-63
                  | | AC/EV: 4/8
                  | Dam: 16, 5
                  | weapons, items, doors, fighter,
                  | archer
                  | Res: will(40)
                  | Corpse
                  | XP:
   836 | Sz: Large | | Int: human.
 20923 | D:13     | shadowrider38: @?salamander
 20923 | D:13     | beem: salamander (N)
                  | Spd: 10 (swim: 70%)
                  | HD:
     8 | HP:      | 54-73
                  | AC/EV: 5/7
                  | Dam: 13(fire:8-15)
                  | weapons, items,
                  | doors, fighter
                  | Res: will(40), fire+++
                  | Vul: cold
                  | | Corpse
                  | XP:
   524 | Sz: Medium | Int: human.
 20941 | D:13     | Killed a centaur warrior
 20974 | D:13     | Killed a centaur warrior
 21019 | D:13     | Noticed a deep elf pyromancer
 21123 | D:13     | Noticed a six-headed hydra
 21134 | D:13     | Found a runed translucent door.
 21135 | D:13     | Pacified a six-headed hydra
 21136 | D:13     | Found a shimmering altar of Xom.
 21136 | D:13     | Noticed Derpydoo's ghost (journeyman MiFi)
 21137 | D:13     | Noticed a +3 long sword of chaos
 21277 | D:13     | shadowrider38: @?cyclops
 21277 | D:13     | beem: cyclops (C)
                  | Spd:
     7 | HD: 9    | HP: 42-57
                  | AC/EV: 5/3
                  | | Dam: 35
                  | items, doors
                  | Res: will(40)
                  | Corpse
                  | XP: 531
                  | | Sz: Giant
                  | Int: human.
 21604 | D:13     | Noticed Erolcha
 21605 | D:13     | shadowrider38: @?erolcha
 21605 | D:13     | beem: Erolcha (O)
                  | Spd: 10 (atk: 150%)
                  | HD: 6
                  | HP: 45-62
                  | | AC/EV: 5/7
                  | Dam: 30
                  | weapons, items, doors, evil,
                  | spellcaster, see invisible
                  | Res: will(60)
                  | Corpse
                  | XP:
                  | 865
                  | Sp: fireball (3d14), banishment, blink, invisibility
                  | | Sz: Large
                  | Int: human.
 21723 | D:13     | Noticed a tengu warrior
 21724 | D:13     | shadowrider38: @?tengu warrior
 21724 | D:13     | beem: tengu warrior (Q)
                  | Spd: 10 (move: 90%)
                  | HD: 10
                  | | HP: 47-68
                  | AC/EV: 5/16
                  | Dam: 16, 8, 8
                  | weapons, items,
                  | doors, fighter, archer, fly
                  | Res: will(40)
                  | Corpse
                  | XP: |
   809 | Sz: Medium | Int: human.
 21731 | D:13     | shadowrider38: @?tengu conjurer
 21731 | D:13     | beem: tengu conjurer (Q)
                  | Spd: 10 (move: 90%)
                  | HD: 7
                  | | HP: 27-36
                  | AC/EV: 2/17
                  | Dam: 10, 5, 5
                  | weapons, items,
                  | doors, spellcaster, see invisible, fly
                  | Res: will(20)
                  | | Corpse
                  | XP: 342
                  | Sp: b.lightning (3d14), battlesphere,
                  | blink [emergency]
                  | Sz: Medium
                  | Int: human.
 21752 | D:13     | Pacified a tengu warrior
 21930 | D:13     | Noticed a rakshasa
 21931 | D:13     | shadowrider38: @?rakshasa
 21931 | D:13     | beem: rakshasa (R)
                  | Spd:
    10 | HD: 11   | HP: 55-76
                  | AC/EV:
                  | 8/14
                  | Dam: 20
                  | demonic, weapons, items, doors, evil, see
                  | invisible
                  | Res: will(140), poison, miasma, neg+++, torm
                  | | Vul: holy
                  | XP: 871
                  | Sp: force lance (3d14) [!sil],
                  | phantom mirror [!sil], blink [!sil]
                  | Sz: Medium
                  | Int:
                  | human.
 21985 | D:13     | Noticed an ironbound preserver
 21986 | D:13     | shadowrider38: @?ironbound preserver
 21986 | D:13     | beem: ironbound preserver (p)
                  | Spd:
10 | HD:
    14 | HP:      | 94-128
                  | AC/EV: 4/5
                  | Dam: 25
                  | weapons, items, doors,
                  | spellcaster
                  | Res: will(40)
                  | Corpse
                  | XP:
  1119 | Sp:      | injury bond, minor healing (2d7+3)
                  | Sz: Medium
                  | Int:
                  | human.
 22352 | D:14     | Noticed a centaur warrior
 22367 | D:14     | Killed a centaur warrior
 22376 | D:14     | Noticed a centaur warrior
 22714 | D:14     | Noticed a six-headed hydra
 22721 | D:14     | Pacified a six-headed hydra
 22722 | D:14     | Reached skill level 13 in Stealth
 22765 | D:15     | Entered Level 15 of the Dungeon
 22780 | D:15     | shadowrider38: @?laughing skull
 22780 | D:15     | beem: unknown monster: "laughing skull"
 22780 | D:15     | shadowrider38: @?laughing skull
 22780 | D:15     | beem: unknown monster: "laughing skull"
 22788 | D:15     | Noticed a white ugly thing
 22866 | D:14     | Noticed an occultist
 22867 | D:14     | shadowrider38: @?occultist
 22867 | D:14     | beem: unknown monster: "occultist"
 22873 | D:14     | Noticed a purple ugly thing
 22874 | D:14     | shadowrider38: ??petrify
 22874 | D:14     | beem: petrify[1/5]: L4 Alchemy/Earth. Attempts to turn the
                  | target and 2 nearby monsters to stone after a brief period
                  | of slowness. Checks willpower. While it's petrified it
                  | takes a lot less damage but can't do anything.
 22881 | D:14     | Got the Discursus on the Catalyst
 22884 | D:14     | Killed an occultist
 23042 | D:14     | Noticed a centaur warrior
 23239 | D:15     | Noticed a death knight
 23239 | D:15     | Noticed a phantasmal warrior
 23240 | D:15     | shadowrider38: @?death knight
 23240 | D:15     | beem: death knight (p)
                  | Spd:
    10 | HD: 10   | HP: 63-91
                  | | AC/EV: 10/9
                  | Dam: 28
                  | weapons, items, doors, fighter,
                  | priest, evil
                  | Res: will(80)
                  | Corpse
                  | XP:
   831 | Sp: agony | range [!AM], injury mirror [!AM]
                  | Sz: Medium
                  | Int: human.
 23240 | D:15     | shadowrider38: @?phantasmal warrior
 23240 | D:15     | beem: phantasmal warrior (W)
                  | Spd:
    10 | HD: 9    | HP: 42-57
                  | | AC/EV: 12/10
                  | Dam: 39(vuln)
                  | undead, doors, fighter,
                  | evil, see invisible, fly, unbreathing
                  | Res: will(80),
                  | cold, poison+++, drown, miasma, neg+++, torm, napalm
                  | Vul:
                  | holy
                  | XP: 640
                  | Sp: blink close [!sil]
                  | Sz: Medium
                  | Int:
                  | human.
 23240 | D:15     | shadowrider38: @?freezing wraith
 23240 | D:15     | beem: freezing wraith (W)
                  | Spd:
    10 | HD: 8    | HP: 37-51
                  | | AC/EV: 12/10
                  | Dam: 16(cold:8-23), 15(drain speed)
                  | | undead, doors, evil, see invisible, fly, unbreathing
                  | Res:
                  | will(40), cold+++, poison+++, drown, miasma, neg+++, torm,
                  | napalm
                  | Vul: fire, holy
                  | XP:
   355 | Sz: Medium | Int:
                  | human.
 23251 | D:15     | Noticed a centaur warrior
 23253 | D:15     | shadowrider38: @?centaur warrior
 23253 | D:15     | beem: centaur warrior (c)
                  | Spd:
    15 | HD: 10   | HP: 46-63
                  | | AC/EV: 4/8
                  | Dam: 16, 5
                  | weapons, items, doors, fighter,
                  | archer
                  | Res: will(40)
                  | Corpse
                  | XP:
   836 | Sz: Large | | Int: human.
 23267 | D:15     | Killed a centaur warrior
 23313 | D:14     | Learned a level 4 spell: Petrify
 23469 | D:15     | Noticed a centaur warrior
 23493 | D:15     | Found a runed translucent door.
 23495 | D:15     | Noticed Waecyras's ghost (adept KoGl)
 23498 | D:15     | shadowrider38: @?player ghost
 23498 | D:15     | beem: unknown monster/item: "player ghost"
 23498 | D:15     | shadowrider38: @?ghost
 23498 | D:15     | beem: ghost (W)
                  | Spd:
    10 | HD: 1    | HP: 1-2
                  | AC/EV: 0/0
                  | | undead, doors, evil, fly, unbreathing
                  | Res: poison+++,
                  | drown, miasma, neg+++, torm, napalm
                  | Vul: holy
                  | XP: 1
                  | | Sz: Medium
                  | Int: human.
 23515 | D:15     | Noticed a seven-headed hydra
 23525 | D:15     | Pacified a seven-headed hydra
 23526 | D:15     | Reached skill level 14 in Stealth
 23526 | D:15     | Reached XP level 12. HP: 45/58 MP: 15/22
 23806 | D:13     | Noticed a boulder beetle
 23905 | D:13     | Found a gate to the Vaults.
 23992 | D:12     | Killed an ironbound preserver
 23993 | D:12     | Reached skill level 9 in Dodging
 24741 | Lair:1   | Found an ornate altar of the Wu Jian Council.
 24741 | Lair:1   | Found a hide-covered altar of Uskayaw.
 24741 | Lair:1   | Noticed a boulder beetle
 24886 | Lair:1   | Noticed Prince Ribbit
 24886 | Lair:1   | Noticed a boulder beetle
 24886 | Lair:1   | shadowrider38: @?prince ribbit
 24886 | Lair:1   | beem: Prince Ribbit (F)
                  | Spd: 14 (swim: 60%)
                  | HD:
     6 | HP:      | 33-45
                  | AC/EV: 0/16
                  | Dam: 20
                  | amphibious, cold-blooded
                  | | Res: will(40), drown
                  | Corpse
                  | XP: 273
                  | Sp: blink [!sil]
                  | | Sz: Medium
                  | Int: human.
 25149 | Snake:1  | Entered Level 1 of the Snake Pit
 25519 | Snake:1  | Reached skill level 3 in Alchemy
 26941 | Snake:1  | Noticed an anaconda
 26942 | Snake:1  | shadowrider38: @?salamander
 26942 | Snake:1  | beem: salamander (N)
                  | Spd: 10 (swim: 70%)
                  | HD:
     8 | HP:      | 54-73
                  | AC/EV: 5/7
                  | Dam: 13(fire:8-15)
                  | weapons, items,
                  | doors, fighter
                  | Res: will(40), fire+++
                  | Vul: cold
                  | | Corpse
                  | XP:
   524 | Sz: Medium | Int: human.
 26961 | Snake:1  | Killed an anaconda
 27207 | Snake:1  | Noticed a naga warrior
 27216 | Snake:1  | shadowrider38: @?naga warrior
 27216 | Snake:1  | beem: naga warrior (N)
                  | Spd: 10 (move: 140%)
                  | HD: 10
                  | | HP: 63-86
                  | AC/EV: 6/9
                  | Dam: 27, 6(constrict)
                  | weapons,
                  | items, doors, fighter, see invisible
                  | Res: will(80),
                  | poison
                  | Corpse
                  | XP: 811
                  | Sp: spit poison (d16) [!AM,
                  | !sil, breath], battlecry [!AM]
                  | Sz: Large
                  | Int: human.
 27914 | Snake:1  | Noticed a salamander tyrant
 27930 | Snake:1  | Killed a salamander tyrant
 27979 | Snake:1  | Noticed a nagaraja
 29516 | Snake:1  | Killed a nagaraja
 29993 | Snake:3  | Noticed an anaconda
 30081 | Snake:2  | Noticed Mlioglotl
 30082 | Snake:2  | shadowrider38: @?mlioglotl
 30082 | Snake:2  | beem: Mlioglotl (X)
                  | Spd:
    14 | HD: 15   | HP: 110-158
                  | | AC/EV: 10/5
                  | Dam: 20, 25(trample)
                  | demonic, priest, evil
                  | | Res: will(120), cold, elec, poison, miasma, neg+++, torm
                  | | Vul: holy, silver
                  | XP: 1791
                  | Sp: might [!AM, !sil],
                  | cause fear [!AM], corrupt [!AM]
                  | Sz: Giant
                  | Int: human.
 30336 | Snake:2  | Noticed a starcursed mass
 30336 | Snake:2  | Noticed a green death
 30336 | Snake:2  | Noticed an eidolon
 30756 | Snake:2  | Noticed an anaconda
 30777 | Snake:2  | Killed an anaconda
 31019 | Snake:3  | Noticed a nagaraja
 31063 | Snake:3  | Noticed a naga warrior
 31075 | Snake:3  | Killed a naga warrior
 31076 | Snake:3  | Reached skill level 9 in Invocations
 31093 | Snake:3  | Noticed a naga warrior
 31093 | Snake:3  | Noticed Ovesh's ghost (journeyman OpSh)
 31095 | Snake:3  | Noticed a naga warrior
 31110 | Snake:4  | Entered Level 4 of the Snake Pit
 31113 | Snake:4  | Reached XP level 13. HP: 61/61 MP: 23/23
 32484 | Snake:4  | Identified the +5 ring mail of Opsabos {rElec}
 32989 | Snake:4  | Noticed a nagaraja
 33201 | Snake:4  | Noticed a nagaraja
 33246 | Snake:4  | Reached skill level 15 in Stealth
 33477 | Snake:4  | Pacified a nagaraja
 33478 | Snake:4  | Reached skill level 15 in Translocations
 33680 | Snake:4  | Killed a nagaraja
 33711 | Snake:4  | Reached skill level 16 in Stealth
 34226 | Snake:4  | Noticed a nagaraja
 34352 | Snake:4  | Elyvilon protects you from harm!
 34525 | Snake:4  | Noticed a nagaraja
 34528 | Snake:4  | Pacified a nagaraja
 34596 | Snake:4  | Got a serpentine rune of Zot
 36571 | Orc:2    | Noticed Maurice
 36601 | Orc:2    | Found a staircase to the Elven Halls.
 36602 | Orc:2    | Noticed Rupert
 36603 | Orc:2    | shadowrider38: @?rupert
 36603 | Orc:2    | beem: Rupert (@)
                  | Spd:
    10 | HD: 16   | HP: 95-136
                  | AC/EV:
                  | 6/8
                  | Dam: 21
                  | weapons, items, doors
                  | Res: will(100)
                  | | Corpse
                  | XP: 1847
                  | Sp: paralyse [!AM], confuse [!AM],
                  | berserker rage [!AM, !sil]
                  | Sz: Medium
                  | Int: human.
 36798 | Orc:2    | Found Okkoc's Antique Armour Shop.
 36798 | Orc:2    | Found Upto's General Store.
 36798 | Orc:2    | Found Bomom's Magic Scroll Shop.
 36798 | Orc:2    | Found Dompaug's Weapon Boutique.
 36803 | Orc:2    | Bought a scroll of blinking for 127 gold pieces
 36803 | Orc:2    | Bought a scroll of teleportation for 51 gold pieces
 36803 | Orc:2    | Bought a scroll of revelation for 127 gold pieces
 36803 | Orc:2    | Bought a scroll of teleportation for 51 gold pieces
 36805 | Orc:2    | Bought a scroll of teleportation for 36 gold pieces
 36805 | Orc:2    | Bought a potion of magic for 96 gold pieces
 36805 | Orc:2    | Bought a scroll of butterflies for 48 gold pieces
 37192 | Lair:1   | Hi5aMiFi: lol pacifist runs are hilarious
 37193 | Lair:1   | shadowrider38: haha its pretty silly
 37193 | Lair:1   | shadowrider38: its more fun than i thought tho
 37367 | Shoals:1 | Entered Level 1 of the Shoals
 37367 | Shoals:1 | Noticed a merfolk impaler
 37370 | Shoals:1 | Killed a merfolk impaler
 37371 | Shoals:1 | Reached skill level 17 in Stealth
 37621 | Shoals:2 | shadowrider38: @?skyshark
 37621 | Shoals:2 | beem: skyshark (l)
                  | Spd: 10 (move: 70%)
                  | HD:
    10 | HP:      | 63-86
                  | AC/EV: 6/8
                  | Dam: 20(bloodzerk), 10, 10
                  | | cold-blooded, fly
                  | Res: will(40)
                  | Corpse
                  | XP:
   765 | Sz:      | Large
                  | Int: animal.
 37892 | Shoals:2 | Found Biuhad's Gadget Gallery.
 37939 | Shoals:4 | Entered Level 4 of the Shoals
 37993 | Shoals:4 | shadowrider38: @?alligator snapping turtle
 37993 | Shoals:4 | beem: alligator snapping turtle (t)
                  | Spd: 8 (swim: 60%)
                  | | HD: 16
                  | HP: 120-165
                  | AC/EV: 19/1
                  | Dam: 50(reach)
                  | | amphibious, cold-blooded
                  | Res: will(60), drown
                  | Corpse
                  | | XP:
   834 | Sz: Large | Int: animal.
 38217 | Shoals:4 | Reached XP level 14. HP: 68/68 MP: 21/25
 38321 | Shoals:4 | Identified the ring "Iczutapt" {rC+ rCorr MP+9}
 38348 | Shoals:4 | Learned a level 1 spell: Apportation
 38827 | Shoals:4 | Got a barnacled rune of Zot
 39275 | Shoals:3 | shadowrider38: @?polythemus
 39275 | Shoals:3 | beem: unknown monster: "polythemus"
 39275 | Shoals:3 | shadowrider38: @?polyphemus
 39275 | Shoals:3 | beem: Polyphemus (C)
                  | Spd:
    10 | HD: 16   | HP: 127-174
                  | | AC/EV: 10/3
                  | Dam: 45, 30
                  | items, doors
                  | Res: will(60)
                  | | Corpse
                  | XP: 1529
                  | Sp: throw ally [!AM, !sil]
                  | Sz: Giant
                  | | Int: human.
 39431 | Shoals:1 | Noticed a kraken
 39434 | Shoals:1 | shadowrider38: @?kraken
 39434 | Shoals:1 | beem: kraken (X)
                  | Spd:
    14 | HD: 16   | HP: 174-238
                  | AC/EV:
                  | 20/0
                  | Dam: 50
                  | cold-blooded
                  | Res: will(60), drown
                  | | Corpse
                  | XP: 1535
                  | Sp: spawn tentacles [!AM, !sil], ink
                  | cloud [!AM, !sil, emergency]
                  | Sz: Giant
                  | Int: animal.
 39488 | Shoals:1 | Pacified a kraken
 40345 | D:14     | shadowrider38: @?centaur warrior
 40345 | D:14     | beem: centaur warrior (c)
                  | Spd:
    15 | HD: 10   | HP: 46-63
                  | | AC/EV: 4/8
                  | Dam: 16, 5
                  | weapons, items, doors, fighter,
                  | archer
                  | Res: will(40)
                  | Corpse
                  | XP:
   836 | Sz: Large | | Int: human.
 40631 | D:15     | shadowrider38: @?yaktaur
 40631 | D:15     | beem: yaktaur (c)
                  | Spd:
    10 | HD: 8    | HP: 37-51
                  | AC/EV:
                  | 4/3
                  | Dam: 20
                  | weapons, items, doors, archer
                  | Res:
                  | will(40)
                  | Corpse
                  | XP:
   361 | Sz: Large | Int: human.
 41234 | D:15     | Found a staircase to the Depths.
 41387 | Depths:1 | Entered Level 1 of the Depths
 41387 | Depths:1 | Noticed a fire giant
 41437 | Depths:1 | Killed a fire giant
 41459 | D:15     | shadowrider38: ??teleport other
 41459 | D:15     | beem: teleport other[1/1]: With a delay, teleports a single
                  | entity other than yourself. Checks Will. Level 3
                  | translocation, found in {book of Spatial Translocations}.
 41464 | D:15     | Learned a level 4 spell: Cause Fear
 41481 | Depths:1 | Noticed a walking frostbound tome
 41482 | Depths:1 | shadowrider38: ??walking frostbound tome
 41482 | Depths:1 | beem: walking frostbound tome[1/1]: A {walking tome} that
                  | flings living iceblasts at you. New in 0.28.
 41482 | Depths:1 | shadowrider38: @?walking frostbound tome
 41482 | Depths:1 | beem: walking frostbound tome (;)
                  | Spd:
10 | HD:
    20 | HP:      | 79-113
                  | AC/EV: 10/10
                  | Dam: 20(cold:20-59)
                  | non-living,
                  | spellcaster, unbreathing
                  | Res: will(invuln), cold,
                  | poison+++, drown, miasma, neg+++, torm
                  | Vul: fire
                  | XP:
                  | 1648
                  | Sp: conjure living spells
                  | Sz: small
                  | Int:
                  | brainless.
 41637 | Depths:1 | Noticed a frost giant
 41656 | Depths:1 | Killed a frost giant
 41713 | Depths:1 | shadowrider38: @?deep troll earth mage
 41713 | Depths:1 | beem: deep troll earth mage (T)
                  | Spd:
10 | HD:
    12 | HP:      | 42-56
                  | AC/EV: 12/10
                  | Dam: 27, 20(claw), 20(claw)
                  | doors,
                  | spellcaster, see invisible
                  | Res: will(40), blind
                  | Corpse
                  | | XP: 805
                  | Sp: rapid deconstruction, dig
                  | Sz: Large
                  | | Int: human.
 41728 | Depths:1 | shadowrider38: @?deep troll shaman
 41728 | Depths:1 | beem: deep troll shaman (T)
                  | Spd:
    10 | HD: 12   | HP: 40-55
                  | | AC/EV: 6/10
                  | Dam: 27, 20(claw), 20(claw)
                  | doors,
                  | priest, evil, see invisible
                  | Res: will(40), blind
                  | Corpse
                  | | XP: 812
                  | Sp: haste other [!AM], might other [!AM]
                  | Sz:
                  | Large
                  | Int: human.
 41732 | Depths:1 | shadowrider38: @?deep troll
 41732 | Depths:1 | beem: deep troll (T)
                  | Spd:
    10 | HD: 10   | HP: 46-63
                  | | AC/EV: 6/10
                  | Dam: 27, 20(claw), 20(claw)
                  | doors, see
                  | invisible, regen
                  | Res: will(40), blind
                  | Corpse
                  | XP: 727
                  | | Sz: Large
                  | Int: human.
 42189 | Depths:1 | Noticed a brown very ugly thing
 42189 | Depths:1 | Noticed a brown very ugly thing
 42566 | Depths:1 | Identified the -2 hat of the Ladybird {Slay+2}
 42679 | Depths:2 | Noticed a vampire knight
 42682 | Depths:2 | Reached skill level 18 in Stealth
 42726 | Depths:2 | Noticed a stone giant
 42726 | Depths:2 | shadowrider38: @?stone giant
 42726 | Depths:2 | beem: stone giant (C)
                  | Spd:
    10 | HD: 16   | HP: 74-101
                  | | AC/EV: 12/2
                  | Dam: 45
                  | items, doors
                  | Res: will(80)
                  | | Corpse
                  | XP:
  1085 | Sz: Giant | Int: human.
 42728 | Depths:2 | Killed a vampire knight
 42879 | Depths:2 | Killed a stone giant
 42937 | Depths:2 | Acquired 694 gold pieces
 43042 | Depths:2 | Noticed a tengu reaver
 43081 | Depths:2 | Noticed a stone giant
 43099 | Depths:2 | Killed a stone giant
 44609 | Abyss:1  | Cast into level 1 of the Abyss (Erolcha)
 44629 | Abyss:1  | Found a corrupted altar of Lugonu.
 44771 | Abyss:3  | Found a corrupted altar of Lugonu.
 44888 | Abyss:3  | Noticed a tentacled starspawn
 44905 | Abyss:3  | Noticed a bone dragon
 44919 | Abyss:3  | Noticed a cyan very ugly thing
 44971 | Abyss:3  | Noticed a red very ugly thing
 45016 | Abyss:3  | Noticed a tentacled starspawn
 45019 | Abyss:3  | Noticed a bone dragon
 45024 | Abyss:3  | Noticed a tentacled starspawn
 45029 | Abyss:3  | Noticed a ghost moth
 45031 | Abyss:3  | Killed a tentacled starspawn
 45170 | Abyss:3  | Noticed a tentacled starspawn
 45174 | Abyss:3  | Got an abyssal rune of Zot
 45182 | Abyss:3  | Found a corrupted altar of Lugonu.
 45283 | Abyss:3  | Noticed an Executioner
 45293 | Abyss:3  | Noticed a hellephant
 45303 | Abyss:3  | Found a corrupted altar of Lugonu.
 45327 | Abyss:3  | shadowrider38: ??sickness
 45327 | Abyss:3  | beem: sick[1/1]: When you are sick, your hit points do not
                  | regenerate over time. Resting will cause sickness to wear
                  | off (unless there's an {{ancient zyme}} in sight).
                  | Cancellation cures it, too.
 45396 | D:13     | Escaped the Abyss
 45775 | Depths:1 | shadowrider38: @?ettin
 45775 | Depths:1 | beem: ettin (C)
                  | Spd:
    10 | HD: 12   | HP: 55-76
                  | AC/EV: 9/4
                  | | Dam: 40, 40
                  | items, doors, two-weapon
                  | Res: will(40)
                  | | Corpse
                  | XP:
   930 | Sz: Giant | Int: human.
 45894 | Depths:2 | Noticed a stone giant
 45900 | Depths:2 | Noticed a lich
 45905 | Depths:2 | Noticed a spriggan defender
 46327 | Depths:1 | agentchuck: Earth mages can ruin your day
 46327 | Depths:1 | shadowrider38: indeed
 46327 | Depths:1 | agentchuck: Especially near crystal
 46327 | Depths:1 | shadowrider38: eugh i wish i had guardian spirit
 46327 | Depths:1 | shadowrider38: narz and sergey both had it on their runs
 46327 | Depths:1 | agentchuck: What do you have?
 46327 | Depths:1 | shadowrider38: also guile which i dont have :/
 46327 | Depths:1 | shadowrider38: its pretty nice
 46327 | Depths:1 | shadowrider38: but hp is a premium
 46349 | Depths:1 | Found Peilusm's Jewellery Emporium.
 46350 | Depths:1 | Found Uhoywk's Book Shop.
 46350 | Depths:1 | Found Xowal's Jewellery Emporium.
 46360 | Depths:1 | shadowrider38: oh
 46360 | Depths:1 | shadowrider38: well there it is
 46360 | Depths:1 | agentchuck: Oh nice
 46360 | Depths:1 | agentchuck: Granite could be nice, too
 46360 | Depths:1 | agentchuck: lol
 46360 | Depths:1 | shadowrider38: if only
 46360 | Depths:1 | agentchuck: yeah
 46360 | Depths:1 | shadowrider38: tortoise would be nice
 46360 | Depths:1 | shadowrider38: but im poor
 46360 | Depths:1 | shadowrider38: i wonder if guardian spirit or having
                  | resistances is more important
 46360 | Depths:1 | shadowrider38: there are not enough people who have done
                  | this lol
 46362 | Depths:1 | agentchuck: 50% more HP is pretty strong
 46362 | Depths:1 | Bought a book of Minor Magic for 240 gold pieces
 46365 | Depths:1 | Learned a level 2 spell: Blink
 46367 | Depths:1 | Bought an amulet of guardian spirit for 630 gold pieces
 46380 | Depths:1 | shadowrider38: +inv is kinda nice too
 46380 | Depths:1 | agentchuck: Hmmm, are you missing relec now?
 46380 | Depths:1 | shadowrider38: yeah
 46380 | Depths:1 | shadowrider38: its only relec source
 46380 | Depths:1 | agentchuck: Oooh, tough call then
 46390 | Depths:1 | shadowrider38: yeah idk
 46523 | Depths:1 | Noticed a stone giant
 46781 | Depths:1 | Noticed a fire giant
 46964 | Depths:1 | Killed a stone giant
 46978 | Depths:2 | Found a transporter.
 47070 | Depths:3 | Found a one-way gateway to a ziggurat.
 47111 | Depths:4 | Entered Level 4 of the Depths
 47123 | Depths:4 | Noticed an iron dragon
 47133 | Depths:4 | Noticed a fire giant
 47144 | Depths:4 | Noticed a stone giant
 47282 | Depths:3 | Noticed a tentacled monstrosity
 47283 | Depths:3 | shadowrider38: @?tentacled monstrosity
 47283 | Depths:3 | beem: tentacled monstrosity (X)
                  | Spd:
10 | HD:
    23 | HP:      | 106-145
                  | AC/EV: 5/5
                  | Dam: 22, 17, 13, 9(constrict)
                  | | demonic, doors, amphibious, evil, see invisible
                  | Res:
                  | will(160), fire, cold, elec, poison, drown, miasma, neg+++,
                  | torm
                  | Vul: holy
                  | XP:
  1858 | Sz: Giant | Int: human.
 47290 | Depths:3 | Noticed an iron dragon
 47291 | Depths:3 | shadowrider38: @?iron dragon
 47291 | Depths:3 | beem: iron dragon (D)
                  | Spd:
     8 | HD: 18   | HP: 98-134
                  | | AC/EV: 20/6
                  | Dam: 25, 25(claw), 25(trample)
                  | see
                  | invisible
                  | Res: will(160), fire, cold, poison
                  | Corpse
                  | | XP: 1233
                  | Sp: metal splinters (3d30) [!AM, !sil, breath]
                  | | Sz: Giant
                  | Int: animal.
 47331 | Depths:4 | Found Ibou's General Store.
 47339 | Depths:4 | Bought a scroll of teleportation for 51 gold pieces
 47362 | Depths:4 | Found a one-way gate leading to the halls of Pandemonium.
 47448 | Depths:4 | Noticed a stone giant
 47454 | Depths:4 | Noticed a stone giant
 47504 | Depths:4 | Killed a stone giant
 47834 | Depths:4 | shadowrider38: oh lawd lol
 48135 | Depths:4 | Noticed a white draconian stormcaller
 48147 | Depths:4 | Killed a white draconian stormcaller
 48148 | Depths:4 | Reached skill level 3 in Shields
 48183 | Depths:4 | Found a gate to the Realm of Zot.
 48183 | Depths:4 | Noticed a bone dragon
 48183 | Depths:4 | Noticed a bone dragon
 48183 | Depths:4 | Noticed a storm dragon
 48183 | Depths:4 | Noticed a bone dragon
 48204 | Depths:4 | Noticed a white draconian stormcaller
 48834 | Depths:4 | Pacified a storm dragon
 48962 | Depths:4 | Noticed a stone giant
 48968 | Depths:4 | Noticed a lich
 49072 | Zot:1    | Entered Level 1 of the Realm of Zot
 49072 | Zot:1    | Noticed an orb of fire
 49073 | Zot:1    | agentchuck: OH god
 49073 | Zot:1    | shadowrider38: T_T
 49073 | Zot:1    | shadowrider38: i have
 49073 | Zot:1    | shadowrider38: zero ways of killing an oof
 49073 | Zot:1    | shadowrider38: i wonder if im supposed to use the blink
                  | right now lol
 49073 | Zot:1    | agentchuck: What are you supposed to do in the lungs?
 49073 | Zot:1    | shadowrider38: ninja the orb
 49073 | Zot:1    | agentchuck: hmm
 49073 | Zot:1    | shadowrider38: ideally id like to save the blink
 49073 | Zot:1    | shadowrider38: for ninja
 49073 | Zot:1    | agentchuck: fog?
 49073 | Zot:1    | shadowrider38: yeah that was what i was thining
 49073 | Zot:1    | shadowrider38: lets try it
 49074 | Zot:1    | shadowrider38: but do i kill this guy
 49078 | Zot:1    | agentchuck: I'd leave it yeah
 49083 | Zot:1    | Noticed a storm dragon
 49084 | Zot:1    | shadowrider38: ??digging
 49084 | Zot:1    | beem: dig[1/1]: Gets rid of a line of rock walls. Does not
                  | work on doors or trees, nor on stone, metal, crystal, or
                  | permarock walls. A {formicid} can dig one square at a time
                  | using its ability. Monster that have the dig spell:
                  | {jorgrun}, {deep troll earth mage}, {cacodemon}, and
                  | {mnoleg}.
 49084 | Zot:1    | shadowrider38: ??wand of digging
 49084 | Zot:1    | beem: dig[1/1]: Gets rid of a line of rock walls. Does not
                  | work on doors or trees, nor on stone, metal, crystal, or
                  | permarock walls. A {formicid} can dig one square at a time
                  | using its ability. Monster that have the dig spell:
                  | {jorgrun}, {deep troll earth mage}, {cacodemon}, and
                  | {mnoleg}.
 49084 | Zot:1    | agentchuck: Watch out for noise
 49084 | Zot:1    | shadowrider38: digging is noisy?
 49084 | Zot:1    | agentchuck: Yeah I think so
 49084 | Zot:1    | agentchuck: Hmmm wiki doesn't say
 49114 | Zot:1    | Noticed a red draconian scorcher
 49116 | Zot:1    | shadowrider38: agh
 49187 | Zot:1    | agentchuck: Sergey was lvl 19. Maybe you can try to
                  | surgically gain some xp?
 49192 | Zot:1    | shadowrider38: possible
 49192 | Zot:1    | shadowrider38: although how much lol
 49192 | Zot:1    | agentchuck: You've only killed 152
 49192 | Zot:1    | shadowrider38: idk how much it would help me atp
 49310 | Zot:1    | Noticed a yellow draconian annihilator
 49315 | Zot:1    | Noticed a tentacled monstrosity
 49319 | Zot:1    | Noticed a green draconian monk
 49535 | Zot:1    | shadowrider38: i have nothing for tentacled monstrosity too
 49535 | Zot:1    | shadowrider38: lol
 49550 | Zot:2    | Noticed a quicksilver dragon
 49552 | Zot:2    | shadowrider38: oh ma gerd
 49552 | Zot:2    | agentchuck: You are not having great luck
 49552 | Zot:2    | shadowrider38: stealth never kicking in when i need it
 49552 | Zot:2    | Pacified a quicksilver dragon
 49553 | Zot:2    | agentchuck: lol
 49553 | Zot:2    | Reached XP level 15. HP: 75/75 MP: 28/28
 49606 | Zot:3    | Noticed a tentacled monstrosity
 49611 | Zot:3    | Noticed a death cob
 49783 | Zot:5    | Entered Level 5 of the Realm of Zot
 49783 | Zot:5    | Noticed a golden dragon
 49785 | Zot:5    | Killed a golden dragon
 49794 | Zot:5    | shadowrider38: oh boy
 49794 | Zot:5    | agentchuck: Man a golden dragon at xl15 should give you a
                  | level
 49794 | Zot:5    | shadowrider38: for real
 49800 | Zot:5    | shadowrider38: ??passage of golubria
 49800 | Zot:5    | beem: passage of golubria[1/4]: A spell that lets you set
                  | up controlled teleport traps on the floor. Acts like the
                  | portal gun in Portal, but without the fancy physics.
                  | Something walks in one end and appears out the other,
                  | player and monsters included. Level 4 Tloc, in books of
                  | Spatial Translocations (Warper book), Warp and Burglary.
                  | Not affected by -Tele or stasis.
 49800 | Zot:5    | shadowrider38: do you happen to know if pog is dependent on
                  | spell power or not?
 49800 | Zot:5    | agentchuck: I don't know.
 49801 | Zot:5    | shadowrider38: @?pog
 49801 | Zot:5    | beem: unknown monster: "pog"
 49801 | Zot:5    | shadowrider38: ??pog[2
 49801 | Zot:5    | beem: passage of golubria[2/4]: There is no limit on how
                  | many passages may be open at one time (but if more than two
                  | are open, a random exit will be chosen for you). After
                  | 40-50 turns, the passage will disappear (making a snapping
                  | noise in the process) so be careful if you were relying on
                  | it for escape.
 49807 | Zot:5    | shadowrider38: ??teleport
 49807 | Zot:5    | beem: teleportation[1/3]: Teleport effects in Crawl put you
                  | a random location on the level (not over water/lava, nor
                  | coincident with a wall or monster). Most of them are
                  | delayed by a couple turns and can be cancelled by
                  | re-issuing. {cTele} allowed some choice of destination,
                  | prior to its 0.17 removal.
 49807 | Zot:5    | shadowrider38: ??teleport[2
 49807 | Zot:5    | beem: teleportation[2/3]: Teleport delay is 2+d3 in units
                  | of 10 aut. Add 4+d10 if you are in Abyss, or 4+d5 if you
                  | are in Zot or you have the Orb of Zot (this delay will not
                  | trigger in Abyss).
 49807 | Zot:5    | agentchuck: It looks like it's just dependent on orb
 49807 | Zot:5    | agentchuck: Under orb effects it's less accurate (4 tile
                  | fuzz, instead of 2) and lasts shorter time
 49807 | Zot:5    | agentchuck: I didn't see anything in there about spell
                  | power yet
 49807 | Zot:5    | agentchuck: (looking at code)
 49807 | Zot:5    | shadowrider38: ah kay
 49807 | Zot:5    | agentchuck: But I'm not sure
 49807 | Zot:5    | shadowrider38: i think fuzz got removed tho?
 49807 | Zot:5    | shadowrider38: yeah
 49807 | Zot:5    | shadowrider38: wait
 49807 | Zot:5    | shadowrider38: 10-19 turns is not good
 49807 | Zot:5    | shadowrider38: if thats accurate
 49807 | Zot:5    | shadowrider38: hah have i summoned narz with this run?
 49807 | Zot:5    | narz: haha yeah I saw you were doing pacifist
 49807 | Zot:5    | narz: I assume anyway
 49807 | Zot:5    | shadowrider38: yeah
 49807 | Zot:5    | shadowrider38: im trying to figure out the best way to do
                  | this
 49807 | Zot:5    | agentchuck: Yeah, I think you're right about the fuzz. It
                  | looks like it's 2 square fuzz always and always 10-19 turns
 49807 | Zot:5    | shadowrider38: ??butterflies
 49807 | Zot:5    | beem: butterflies ~ butterfly[1/9]: A deadly crawl monster
                  | only surpassed by the Toenail Golem. FLEE FOR YOUR LIFE IF
                  | YOU SEE ONE! Shoots hellfire from its proboscis and has an
                  | irresistible paralyze attack. Has been known to dual wield
                  | quick blades of distortion. Also reported being smiting!
 49807 | Zot:5    | agentchuck: I rebased the repo, must have had an old
                  | version.
 49807 | Zot:5    | shadowrider38: ??scroll of butterflies
 49807 | Zot:5    | beem: scroll of butterflies[1/2]: Alternates with the
                  | {scroll of summoning}. Knocks back nearby creatures and
                  | summons a huge number of friendly butterflies, which
                  | flutter around and block enemy lines of fire & melee
                  | attacks. Try immolating these for a good time! New in 0.29.
 49807 | Zot:5    | shadowrider38: ah okay nice
 49807 | Zot:5    | narz: just one blink
 49807 | Zot:5    | shadowrider38: sadly
 49807 | Zot:5    | shadowrider38: i wasted 3 in abyss
 49807 | Zot:5    | shadowrider38: on an executioner
 49807 | Zot:5    | narz: fog and butterflies are good though
 49807 | Zot:5    | agentchuck: I have no idea. I've never ninja'd the orb,
                  | actually
 49807 | Zot:5    | shadowrider38: pog probably isnt viable tbh
 49807 | Zot:5    | shadowrider38: because of reduced duration
 49807 | Zot:5    | shadowrider38: not sure if narz would agree with that or
                  | not
 49807 | Zot:5    | narz: its not fully reliable but maybe worth a shot
 49807 | Zot:5    | narz: I think its how I ninja'd in my game
 49807 | Zot:5    | shadowrider38: if its not reliable maybe i clear out the
                  | top area for more landing pad?
 49807 | Zot:5    | shadowrider38: meh probably doesnt matter
 49807 | Zot:5    | narz: if you do pog, you only have a few turns to get the
                  | orb so its risky
 49807 | Zot:5    | shadowrider38: truw
 49807 | Zot:5    | shadowrider38: whats the alternative lol
 49807 | Zot:5    | narz: brilliance will help with spellpower
 49807 | Zot:5    | agentchuck: Does power matter? I didn't see anything in the
                  | code about it.
 49807 | Zot:5    | shadowrider38: oh so spellpower does effect?
 49807 | Zot:5    | narz: it affects the targeting range for sure
 49807 | Zot:5    | agentchuck: Ah, targeting range, yeah
 49807 | Zot:5    | narz: it might affect duration as well but I'm not sure
                  | about that
 49807 | Zot:5    | shadowrider38: well im here so i may as well yolo
 49807 | Zot:5    | shadowrider38: tele + brill + haste + pog?
 49807 | Zot:5    | Hi5aMiFi: crazy
 49807 | Zot:5    | shadowrider38: should try to time it
 49807 | Zot:5    | Hi5aMiFi: #
 49807 | Zot:5    | CougarLife: damn here in z5 with only 38.7k turns?
 49807 | Zot:5    | Hi5aMiFi: pacifist run
 49807 | Zot:5    | shadowrider38: its a pacifist run
 49807 | Zot:5    | CougarLife: holy
 49807 | Zot:5    | shadowrider38: 161 kills so far
 49807 | Zot:5    | CougarLife: yeah just noticed xl 15
 49807 | Zot:5    | shadowrider38: wish id have found a bit better gear tho
 49807 | Zot:5    | CougarLife: how do you get out with the orb without killing
 49807 | Zot:5    | shadowrider38: guile isnt important anymore ig
 49807 | Zot:5    | narz: you have good resists
 49807 | Zot:5    | shadowrider38: yeah resists are solid
 49807 | Zot:5    | shadowrider38: i was considering wearing guardian spirit
 49807 | Zot:5    | narz: interesting, no guile?
 49807 | Zot:5    | shadowrider38: never found
 49807 | Zot:5    | narz: +inv is really important also
 49807 | Zot:5    | shadowrider38: is it helpful here?
 49807 | Zot:5    | Hi5aMiFi: just draconians
 49807 | Zot:5    | narz: but that's impressive to get so few kills without
                  | guile
 49807 | Zot:5    | CougarLife: did the bulk of those 161 kills come early in
                  | the run? for leveling im assuming
 49807 | Zot:5    | shadowrider38: eh, not really tbh
 49807 | Zot:5    | shadowrider38: i scummed a few games to get a good first
                  | kill
 49807 | Zot:5    | CougarLife: how do you gain xp to lvl skills in a pacifist
                  | run
 49807 | Zot:5    | shadowrider38: kill xp bombs
 49807 | Zot:5    | Hi5aMiFi: you don't lol, kill big targets
 49807 | Zot:5    | CougarLife: interesting
 49807 | Zot:5    | shadowrider38: and elyvilon lets you get xp without killing
 49807 | Zot:5    | shadowrider38: with pacify
 49807 | Zot:5    | CougarLife: yeah i was thinking it was elv
 49807 | Zot:5    | shadowrider38: distortion can help and actually i did find
                  | it
 49807 | Zot:5    | CougarLife: didnt make sense for it to be solely elv tho
 49807 | Zot:5    | shadowrider38: but that would mean abandoning ely probably
                  | and i dont know how that really works
 49807 | Zot:5    | shadowrider38: wasnt really expecting to get this far tbh
 49807 | Zot:5    | Hi5aMiFi: you have apretty good chance to die here lol
 49807 | Zot:5    | Hi5aMiFi: good luck
 49807 | Zot:5    | shadowrider38: 5 hours down the drain
 49807 | Zot:5    | shadowrider38: its okay ive had fun
 49807 | Zot:5    | agentchuck: If you win, it will be glorious
 49807 | Zot:5    | shadowrider38: i thought pacifist was all about hating
                  | yourself
 49807 | Zot:5    | shadowrider38: its pretty cool
 49807 | Zot:5    | agentchuck: I think that's the zig run lol
 49807 | Zot:5    | shadowrider38: heh for real
 49807 | Zot:5    | Hi5aMiFi: yup
 49807 | Zot:5    | shadowrider38: ??teleport[2
 49807 | Zot:5    | beem: teleportation[2/3]: Teleport delay is 2+d3 in units
                  | of 10 aut. Add 4+d10 if you are in Abyss, or 4+d5 if you
                  | are in Zot or you have the Orb of Zot (this delay will not
                  | trigger in Abyss).
 49807 | Zot:5    | shadowrider38: wait six?
 49807 | Zot:5    | shadowrider38: why is this game so complicated
 49807 | Zot:5    | CougarLife: i ask that every time i open it up to play
 49807 | Zot:5    | shadowrider38: alright ill stop stalling
 49818 | Zot:5    | Noticed an electric golem
 49818 | Zot:5    | Noticed an orb of fire
 49818 | Zot:5    | Noticed an orb of fire
 49818 | Zot:5    | Noticed a Killer Klown
 49818 | Zot:5    | Noticed an orb of fire
 49818 | Zot:5    | Noticed a dread lich
 49818 | Zot:5    | Noticed an orb of fire
 49818 | Zot:5    | Noticed an orb of fire
 49819 | Zot:5    | CougarLife: nah man take your time
 49819 | Zot:5    | CougarLife: use everything you can
 49819 | Zot:5    | shadowrider38: um
 49819 | Zot:5    | narz: oof
 49819 | Zot:5    | CougarLife: rough luck
 49819 | Zot:5    | shadowrider38: oof indeed
 49819 | Zot:5    | CougarLife: 2 orbs are awake instantly
 49819 | Zot:5    | agentchuck: Could blink to tp trap to reroll
 49819 | Zot:5    | shadowrider38: its really not gonna get much better than
                  | this
 49819 | Zot:5    | agentchuck: Fair
 49819 | Zot:5    | shadowrider38: i kinda already got lucky with location
 49819 | Zot:5    | CougarLife: is that gonna wake more or reset the aggro of
                  | the orbs?
 49819 | Zot:5    | CougarLife: yeah the location isnt bad its just the 5 orbs
                  | lol
 49819 | Zot:5    | shadowrider38: unlucky with the number of oofs jeez
 49819 | Zot:5    | narz: yeah location is good, five oofs is extremely unlucky
 49819 | Zot:5    | shadowrider38: blink now might be the move
 49819 | Zot:5    | CougarLife: to where tho
 49819 | Zot:5    | CougarLife: you going to sprint to the orb?
 49819 | Zot:5    | shadowrider38: thinking there
 49819 | Zot:5    | shadowrider38: i have apport
 49819 | Zot:5    | agentchuck: Down right gets you away from the other awake
                  | oof
 49819 | Zot:5    | agentchuck: ?
 49819 | Zot:5    | shadowrider38: i was gonna hope it runs into the tele trap
 49819 | Zot:5    | shadowrider38: and is gone gone
 49819 | Zot:5    | agentchuck: Oh! Good play
 49819 | Zot:5    | CougarLife: yeah that one might
 49819 | Zot:5    | shadowrider38: ??haste
 49819 | Zot:5    | beem: haste[1/1]: Reduces action delay by 1/3. Obtained by
                  | quaffing a potion of haste. Some monsters can cast it as a
                  | spell.
 49819 | Zot:5    | CougarLife: is it gonna make noise and wake the others tho
 49819 | Zot:5    | shadowrider38: presumably everything is awake after i make
                  | a move
 49819 | Zot:5    | CougarLife: do tele traps make noise?
 49819 | Zot:5    | CougarLife: ah
 49819 | Zot:5    | CougarLife: well
 49819 | Zot:5    | agentchuck: BTW, you didn't haste
 49819 | Zot:5    | CougarLife: 1 less oof is good yea
 49819 | Zot:5    | shadowrider38: yeah i didnt
 49819 | Zot:5    | shadowrider38: haste now or after blink tho
 49819 | Zot:5    | shadowrider38: i didnt invis either so that ghost moth is
                  | annoying
 49819 | Zot:5    | shadowrider38: dont really want to now because of drain and
                  | failrate
 49819 | Zot:5    | shadowrider38: i probably shouldve invised before, ely can
                  | cure drain
 49819 | Zot:5    | narz: yeah too late to now most likely
 49819 | Zot:5    | shadowrider38: not having hasted is complicating everything
 49819 | Zot:5    | shadowrider38: not sure what order to do things in
 49819 | Zot:5    | shadowrider38: could butterflies ruin my pog?
 49819 | Zot:5    | shadowrider38: i assume so
 49819 | Zot:5    | narz: If you cast pog again, then it could
 49819 | Zot:5    | shadowrider38: what do you think about hasting now vs after
                  | blink
 49819 | Zot:5    | narz: probably want willpower for lich too, but maybe not
                  | the primary concern
 49819 | Zot:5    | shadowrider38: ring swap possible
 49819 | Zot:5    | shadowrider38: fire and will++
 49819 | Zot:5    | shadowrider38: probably gonna get marked when i exit
 49819 | Zot:5    | CougarLife: no haste is really awful
 49819 | Zot:5    | shadowrider38: i think i will blink first
 49819 | Zot:5    | CougarLife: ye id trust my gut if i were you
 49819 | Zot:5    | Noticed an Orb Guardian
 49820 | Zot:5    | CougarLife: oof
 49820 | Zot:5    | shadowrider38: ouchie
 49820 | Zot:5    | CougarLife: 44 damage immediately
 49820 | Zot:5    | shadowrider38: any actions risks death lol
 49820 | Zot:5    | CougarLife: yep
 49820 | Zot:5    | agentchuck: Yeah.
 49822 | Zot:5    | CougarLife: whats the plan
 49822 | Zot:5    | shadowrider38: run baby run
 49825 | Zot:5    | Noticed an Orb Guardian
 49826 | Zot:5    | Noticed an Orb Guardian
 49826 | Zot:5    | Noticed an Orb Guardian
 49827 | Zot:5    | narz: marked
 49827 | Zot:5    | CougarLife: honestly youve made it farther than i thought
                  | you would
 49827 | Zot:5    | shadowrider38: same
 49827 | Zot:5    | CougarLife: just really cementign that i suck at this game
                  | lmao
 49827 | Zot:5    | shadowrider38: those turns were fairly lucky
 49827 | Zot:5    | Noticed an Orb Guardian
 49827 | Zot:5    | Noticed an Orb Guardian
 49828 | Zot:5    | CougarLife: they were bot blocking LOS was pretty big
 49828 | Zot:5    | CougarLife: but*
 49828 | Zot:5    | narz: what's you hear a snapping sound
 49828 | Zot:5    | shadowrider38: pog is gone
 49828 | Zot:5    | narz: outside one?
 49828 | Zot:5    | shadowrider38: yeah i only cast the one next to the stairs
 49828 | Zot:5    | shadowrider38: little unlucky on duration i think
 49828 | Zot:5    | agentchuck: There are two, right?
 49828 | Zot:5    | shadowrider38: uh
 49828 | Zot:5    | shadowrider38: i dont know how that works
 49828 | Zot:5    | narz: I'm not sure if both close or if only one can
 49828 | Zot:5    | CougarLife: not a clue, magic is too much for my smooth
                  | brain
 49828 | Zot:5    | shadowrider38: heh anyone wanna wizmode that lol
 49828 | Zot:5    | narz: I can try
 49828 | Zot:5    | shadowrider38: thanks
 49828 | Zot:5    | shadowrider38: if its closed i prolly start a tele here
 49828 | Zot:5    | shadowrider38: i didnt realize orb chambers could be
                  | different sizes
 49828 | Zot:5    | shadowrider38: risking dispersal to get in los of orb
 49828 | Zot:5    | CougarLife: is this a different size?
 49828 | Zot:5    | narz: in my wizmode test I get two messages
 49828 | Zot:5    | shadowrider38: oh wait
 49828 | Zot:5    | shadowrider38: i have scarf of shadows
 49828 | Zot:5    | shadowrider38: nvm
 49828 | Zot:5    | shadowrider38: so one is still active?
 49828 | Zot:5    | CougarLife: if you only saw one message seems that way
 49828 | Zot:5    | Hi5aMiFi: i seem to remember that is how it works, two
                  | messages
 49828 | Zot:5    | narz: I would see either 'you hear a snapping sound x2'
 49828 | Zot:5    | narz: or two lines
 49828 | Zot:5    | shadowrider38: may not be enough time still
 49828 | Zot:5    | Noticed an Orb Guardian
 49829 | Zot:5    | CougarLife: orb graphic is prettier than i remember
 49829 | Zot:5    | CougarLife: its been so long for me lmao
 49829 | Zot:5    | Hi5aMiFi: they changed it
 49829 | Zot:5    | CougarLife: i can tell
 49829 | Zot:5    | CougarLife: how do you even get to the orb without getting
                  | torn apart
 49829 | Zot:5    | shadowrider38: i have apportation
 49829 | Zot:5    | shadowrider38: so i can yoink it from here
 49829 | Zot:5    | shadowrider38: unclear how i proceed from there
 49829 | Zot:5    | CougarLife: you can apport the fucking orb????
 49829 | Zot:5    | shadowrider38: yep lol
 49829 | Zot:5    | CougarLife: thats wild lmao
 49829 | Zot:5    | CougarLife: do you have time to apport it tho before the
                  | one in melee hits you again
 49829 | Zot:5    | shadowrider38: he will hit me again
 49829 | Zot:5    | Hi5aMiFi: swing
 49829 | Zot:5    | Hi5aMiFi: he will swing
 49829 | Zot:5    | CougarLife: true
 49829 | Zot:5    | CougarLife: im assuming hes gonna hit
 49829 | Zot:5    | shadowrider38: if i try to heal then more are on me
 49829 | Zot:5    | CougarLife: maybe he wont but thats a wild dice roll lmao
 49829 | Zot:5    | CougarLife: whats his % to hit
 49829 | Zot:5    | shadowrider38: 50
 49829 | Zot:5    | CougarLife: it all comes down to a coinflip
 49829 | Zot:5    | CougarLife: insane
 49829 | Zot:5    | shadowrider38: butterflies could push them into net trap i
                  | assume
 49829 | Zot:5    | shadowrider38: which would be bad
 49829 | Zot:5    | Noticed an Orb Guardian
 49829 | Zot:5    | Noticed an Orb Guardian
 49830 | Zot:5    | CougarLife: he missed
 49830 | Zot:5    | CougarLife: or didnt do enough damage
 49830 | Zot:5    | shadowrider38: he hit
 49830 | Zot:5    | CougarLife: ya
 49830 | Zot:5    | shadowrider38: just not very hard
 49830 | Zot:5    | shadowrider38: also
 49830 | Zot:5    | CougarLife: wait did 2 hit you?
 49830 | Zot:5    | shadowrider38: no just one
 49830 | Zot:5    | CougarLife: ah that message was from the hit before the
                  | apport
 49830 | Zot:5    | Noticed a death cob
 49830 | Zot:5    | Noticed an Orb Guardian
 49831 | Zot:5    | shadowrider38: thats not good
 49831 | Zot:5    | Elyvilon protects you from harm!
 49832 | Zot:5    | CougarLife: dispersal trap moved them all away from you?
 49832 | Zot:5    | shadowrider38: i died
 49832 | Zot:5    | Hi5aMiFi: yeah
 49832 | Zot:5    | Hi5aMiFi: ely saved you
 49832 | Zot:5    | narz: ely clutch
 49832 | Zot:5    | CougarLife: oh shit
 49832 | Zot:5    | CougarLife: wild luck in z5 today
 49832 | Zot:5    | Got the Orb of Zot
 49832 | Zot:5    | Noticed an Orb Guardian
 49833 | Zot:5    | shadowrider38: ugh
 49833 | Zot:5    | CougarLife: second pog just disappeared
 49833 | Zot:5    | CougarLife: luck ran out
 49833 | Zot:5    | narz: yeah
 49833 | Zot:5    | CougarLife: so close yet so far
 49833 | Zot:5    | narz: have to tele out
 49833 | Zot:5    | narz: or maybe disto
 49835 | Zot:5    | shadowrider38: vuln fear?
 49835 | Zot:5    | CougarLife: whats the plan after that
 49835 | Zot:5    | shadowrider38: move right
 49835 | Zot:5    | shadowrider38: and hope tele goes off
 49835 | Zot:5    | shadowrider38: i could try to get to the tele trap on the
                  | right side
 49835 | Zot:5    | shadowrider38: nothing looks great but
 49835 | Zot:5    | CougarLife: yea
 49835 | Zot:5    | narz: yeah its just survive until tele and mark wears off
 49835 | Zot:5    | CougarLife: marks gonna be on for a while longer i think
 49835 | Zot:5    | Noticed an Orb Guardian
 49836 | Zot:5    | shadowrider38: could try uncontrolled blink
 49836 | Zot:5    | shadowrider38: but that could just kill me
 49836 | Zot:5    | CougarLife: ideally thats last resort
 49836 | Zot:5    | narz: you have dispersal right?
 49836 | Zot:5    | shadowrider38: yeah
 49836 | Zot:5    | narz: does it show the chance?
 49836 | Zot:5    | shadowrider38: can feared monsters trigger traps?
 49836 | Zot:5    | narz: don't know
 49836 | Zot:5    | shadowrider38: ??dispersal
 49836 | Zot:5    | beem: dispersal[1/3]: Spell: All monsters that are adjacent
                  | to you will be instantly teleported away if they don't
                  | resist (via willpower). If a monster does resist, it will
                  | be blinked instead (even if it's immune!). Does not work on
                  | -TELE enemies such as statues.
 49836 | Zot:5    | shadowrider38: ??dispersal
 49836 | Zot:5    | beem: dispersal[1/3]: Spell: All monsters that are adjacent
                  | to you will be instantly teleported away if they don't
                  | resist (via willpower). If a monster does resist, it will
                  | be blinked instead (even if it's immune!). Does not work on
                  | -TELE enemies such as statues.
 49836 | Zot:5    | shadowrider38: ??dispesal[2
 49836 | Zot:5    | beem: dispesal ~ dispersal[2/3]: The ammo brand blinks
                  | enemies away from you if it hits and does damage. It will
                  | always mulch when thrown. Ignores Will but not -TELE.
 49836 | Zot:5    | shadowrider38: ??dispersal[3
 49836 | Zot:5    | beem: dispersal[3/3]: even if it hits, which it won't, it
                  | has to do damage, which it won't, to blink it somewhere
                  | good, which it won't
 49836 | Zot:5    | shadowrider38: its based on target los yes?
 49836 | Zot:5    | narz: where dispersal blinks to? probably
 49836 | Zot:5    | Demolished by a death cob

Illustrated notes

Levels and vault maps discovered:
D:1:      grunt_arrival_crossed_arrows, layout_basic,
          shapermc_ecumenical_altar_mp_urbaneastern, nicolae_titane
D:2:      minmay_general_purpose_star, layout_basic, basic_altar,
          minmay_crystal_room
D:3:      cheibrodos_fertilizer, layout_loops_ring,
          nicolae_elyvilon_peaceful_grove, chequers_serial_rivers_micro_c
D:4:      layout_cave_pools, dk_noncrumbling_3, kennysheep_cluttered_room,
          uniq_natasha, uniq_eustachio
D:5:      layout_gridville, serial_bayou, serial_bayou_lagoon_a,
          serial_bayou_lake_a, serial_bayou_shore_b, serial_bayou_ford_a
D:6:      layout_loops_ring, minmay_temple_entry_junction_2, enter_ossuary_2,
          minmay_hollow_rounded_squares, uniq_duvessa
D:7:      layout_gridville, serial_shops, shop, minmay_starry_boxes
D:8:      layout_basic, chequers_temple_overflow_statue_of_worship,
          serial_library_hellmonk_junction, eino_tiny_chamber,
          kennysheep_generic_room_13
D:9:      layout_layer_cave, nicolae_ru_great_annihilating_truth,
          lair_entry_dummy, uniq_psyche, uniq_amaemon
D:10:     layout_gridville
D:11:     layout_basic, orc_0_dummy
D:12:     layout_roguey, enter_trove_5
D:13:     kennysheep_blocky_room, layout_basic,
          skrybe_vaults_entry_preservation, ebering_ghost_xom, uniq_erolcha
D:14:     cheibrodos_wizards_tower, layout_gridville, skrybe_limestone_x
D:15:     gammafunk_enter_depths_forms, layout_rooms, serial_curves,
          eino_curves_03, eino_curves_03, eino_curves_03,
          minmay_tree_intersection, ebering_ghost_inner_flame
Temple:   minmay_temple_bridge_d
Lair:1:   layout_roguey, portal_ice_cave_entry_pillars_1,
          chequers_serial_rivers_small_3, nzn_masters_of_martial_movement,
          uniq_sonja, uniq_prince_ribbit2
Lair:2:   layout_small_grid, minmay_shoals_entry_beasts,
          guppyfry_snake_entry_island, gauntlet_entry_generic
Lair:3:   layout_regular_city
Lair:4:   layout_loops_ring, slime_entry_1, uniq_urug
Lair:5:   guppyfry_lair_end_dragon, layout_misc_corridors,
          hangedman_lair_caniforms_friends, chequers_serial_rivers_micro_b,
          minivault_11, nicolae_lair_lindhole, infiniplex_staircase_pool_2,
          lemuel_fruit_tree, uniq_kirke
Shoals:1: layout_shoals, serial_shops, shop, ldierk_geyser
Shoals:2: layout_shoals, lemuel_altar_in_water2, nicolae_shop_gadgets
Shoals:3: layout_shoals, nicolae_shoals_lost_giant_amphitheater
Shoals:4: shoals_end_simple, layout_shoals, nicolae_shop_vocational
Snake:1:  layout_chambers, nicolae_snake_magic_snake_eye, uniq_frances
Snake:2:  layout_cave_pods, nicolae_snake_guarding_the_ruins, uniq_vashnia,
          uniq_aizul, uniq_mlioglotl
Snake:3:  layout_misc_corridors, gammafunk_ghost_wrathful_warriors,
          serial_shops, nicolae_book_shop_shelving, serial_bayou_lagoon_b
Snake:4:  johnstein_snake_rune_scales, layout_basic,
          nicolae_snake_salamander_jacuzzi
Orc:1:    layout_caves
Orc:2:    st_orc_mages, layout_caves, nicolae_orc_damp_corner, uniq_rupert,
          uniq_maurice, uniq_josephine
Depths:1: layout_roguey, hell_entry, nicolae_two_hexagons,
          minmay_room_of_horrors, kennysheep_okawaru_gauntlet, minmay_shop_grove
Depths:2: minmay_the_grid_octo_tiled_octocenter [minmay_the_grid_octo_horde,
          minmay_the_grid_octo_fat_diamond, minmay_the_grid_octo_77,
          minmay_the_grid_octo_clover_2, minmay_the_grid_octo_prize_star,
          minmay_the_grid_square_5x5_hollow_slash,
          minmay_the_grid_square_5x5_empty, minmay_the_grid_square_5x5_n,
          minmay_the_grid_square_5x5_bridge], layout_cave_shapes, hell_entry,
          grunt_pan_entry_sceptre, serial_nicolae_subway,
          nicolae_sub_station_metal, nicolae_sub_station_stone,
          nicolae_sub_station_crystal
Depths:3: minmay_swirls_squares, layout_cave_pools, enter_ziggurat_a,
          chequers_serial_rivers_large_b, abyss_entry, hell_entry, st_stairs_10
Depths:4: grunt_x_marks_the_spot, layout_small_grid, pan_entry, serial_shops,
          shop, kiku_gazebo_pond_becter, hell_entry,
          brannock_guarded_unrand_thermic_engine
Zot:1:    layout_basic, grunt_megastairs_3
Zot:2:    gammafunk_mikee_crab_dinner, layout_misc_corridors, ebering_ghost_xom,
          hangedman_zot_diagonal_lockstep, uniq_grunn
Zot:3:    layout_misc_corridors
Zot:4:    kennysheep_room_grid, layout_misc_corridors, uniq_parghit
Zot:5:    layout_misc_corridors

Skill      XL: |  1  2  3  4  5  6  7  8  9 10 11 12 13 14 15 |
---------------+----------------------------------------------+-----
Stealth        | 7 9 10 12 14 17 18 | 18.6
Hexes          | 4 5 6 7 |  7.2
Fighting       | 1 2 3 4 5 7 |  7.3
Dodging        | 4 6 8 9 11 | 11.4
Ice Magic      | 2 |  2.0
Short Blades   | 2 4 5 |  5.0
Spellcasting   | 3 5 6 8 |  8.0
Evocations     | 1 2 7 8 |  8.0
Invocations    | 7 8 9 10 | 10.0
Earth Magic    | 3 5 6 |  6.0
Translocations | 8 12 13 15 | 15.0
Alchemy        | 6 |  6.2
Shields        | 4 5 |  5.0

Action                     |  1- 3 |  4- 6 |  7- 9 | 10-12 | 13-15 || total
---------------------------+-------+-------+-------+-------+-------++-------
  Melee: Dagger            |     7 |    21 |    37 |    73 |   101 ||   239
         Punch             |       |       |       |     1 |     1 ||     2
  Throw: Dart              |       |     3 |     2 |     1 |     1 ||     7
   Cast: Ensorcelled Hiber |       |    41 |    36 |   222 |   153 ||   452
         Tukima's Dance    |       |     3 |     4 |       |       ||     7
         Confusing Touch   |       |       |     1 |     3 |       ||     4
         Passwall          |       |       |       |   127 |    95 ||   222
         Passage of Golubr |       |       |       |    11 |    28 ||    39
         Dispersal         |       |       |       |    37 |   148 ||   185
         Petrify           |       |       |       |     6 |    28 ||    34
         Apportation       |       |       |       |       |    30 ||    30
         Cause Fear        |       |       |       |       |     2 ||     2
 Invoke: Recite            |       |       |     1 |       |       ||     1
         Heal Other        |       |       |       |    53 |    54 ||   107
         Purification      |       |       |       |     1 |       ||     1
         Heal Self         |       |       |       |       |     3 ||     3
Ability: Evoke Invisibilit |       |       |       |     2 |     1 ||     3
  Evoke: Wand              |       |       |     1 |     5 |     7 ||    13
         Lightning rod     |       |       |       |     5 |     6 ||    11
         Box of beasts     |       |       |       |     1 |     3 ||     4
         Phantom mirror    |       |       |       |     1 |     1 ||     2
    Use: Potion            |     1 |     3 |     3 |     6 |    10 ||    23
         Scroll            |       |     4 |    10 |    17 |    22 ||    53
   Stab: Invisible         |     2 |       |       |     2 |       ||     4
         Sleeping          |       |     6 |     5 |    22 |    66 ||    99
         Paralysed         |       |       |     1 |     5 |       ||     6
         Confused          |       |       |     1 |       |       ||     1
         Petrified         |       |       |       |     8 |     5 ||    13
 Armour: Robe              |     9 |    91 |    18 |   152 |   244 ||   514
         Skin              |       |       |     8 |       |       ||     8
         Acid dragon scale |       |       |    21 |    94 |       ||   115
  Dodge: Dodged            |    15 |   241 |   193 |   814 |   546 ||  1809
  Block: Buckler           |       |       |       |       |     9 ||     9
